 Dungeon Crawl Stone Soup version 0.32-a0-815-g315f82d515 (webtiles) character file.

Game seed: 11268745786448161892

17573455 shorse the Hoplite (level 27, 311/311 HPs)
             Began as a Naga Hedge Wizard on Mar 23, 2024.
             Was the Champion of Cheibriados.
             Escaped with the Orb
             ... and 15 runes!
             The game lasted 11:08:00 (88227 turns).

shorse the Hoplite (Naga Hedge Wizard)             Turns: 88227, Time: 11:08:00

Health: 311/311    AC: 27    Str: 33    XL:     27
Magic:  48/48      EV: 21    Int: 43    God:    Cheibriados [******]
Gold:   13188      SH: 34    Dex: 23    Spells: 10/68 levels left

rFire   + + .        O - +9 broad axe (heavy)
rCold   + + .        i - +8 tower shield {AC+3}
rNeg    . . .        P - +0 troll leather armour
rPois   +            q - +1 helmet
rElec   +            A - scarf {rC+ rF+}
rCorr   +            G - +2 pair of gloves {Stlth+}
SInv    +            j - +0 barding
Will    +++..        l - amulet of magic regeneration
Stlth   +++          m - ring of Gebue {rElec rCorr Str+5 Dex-5}
HPRegen 1.51/turn    Y - ring "Otaogut" {rElec rPois rF+ rC+ EV+5 Int+2}
MPRegen 0.71/turn

%: no passive effects
@: studying 4 skills, very slow
A: AC +9, large, see invisible, deformed body, poison resistance, slowness 2,
spit poison 1, naga tail 2, robust 1, inability to drink after injury 1
0: Orb of Zot
}: 15/15 runes: barnacled, slimy, silver, golden, iron, obsidian, icy, bone,
abyssal, demonic, glowing, magical, fiery, dark, gossamer
a: Spit Poison, Renounce Religion, Bend Time, Temporal Distortion, Slouch, Step
From Time


You escaped.
You worshipped Cheibriados.
Cheibriados was exalted by your worship.
You visited 18 branches of the dungeon, and saw 88 of its levels.
You visited Pandemonium 1 time, and saw 22 of its levels.
You visited the Abyss 2 times.
You visited 2 bazaars.
You visited 2 ziggurats, and saw 21 of their levels (deepest: 11).
You also visited: Trove, Ossuary, Bailey, Volcano and Wizlab.

You collected 20553 gold pieces.
You spent 7365 gold pieces at shops.

Inventory:

Hand Weapons
 r - a +9 heavy hand cannon
 O - a +9 heavy broad axe (weapon)
Missiles
 F - 5 silver javelins (quivered)
 W - 6 javelins
Armour
 i - a +8 tower shield of protection (worn)
 j - a +0 barding (worn)
 q - a +1 helmet (worn)
 s - the +0 hat of Impish Wonder {rCorr Str+3}
   (You found it on level 3 of the Crypt)

   Str+3:     It affects your strength (+3).
   rCorr:     It protects you from acid and corrosion.
 A - a scarf of resistance (worn)
 G - a +2 pair of gloves of stealth (worn)
 P - a +0 troll leather armour (worn)
 R - the +0 pair of gloves of the Wasteland {rF++ rC+ Int-3}
   (You found it on level 7 of Cocytus)

   Int-3:     It affects your intelligence (-3).
   rF++:      It greatly protects you from fire.
   rC+:       It protects you from cold.
 V - the +10 tower shield of Ignorance {rN+ Int-4}
   (You acquired it on level 3 of the Depths)

   Int-4:     It affects your intelligence (-4).
   rN+:       It protects you from negative energy.
Magical Staves
 g - the staff of the Protecting Seeker {Int+3 Dex+3 Conj}
   (You found it on level 3 of the Tomb of the Ancients)

   [staff of conjuration]

   Base accuracy: +5 Base damage: 5 Base attack delay: 1.2 This weapon's minimum
   attack delay (0.6) is reached at skill level 12.
   Int+3:     It affects your intelligence (+3).
   Dex+3:     It affects your dexterity (+3).
   Conj:      It increases the power of your Conjurations spells.
   It falls into the 'Staves' category.
   It is a one-handed weapon.
Jewellery
 e - the ring "Syllozug" {rC+ Slay+5}
   (You bought it in a shop on level 9 of the Dungeon)

   [ring of protection from cold]

   Slay+5:    It affects your accuracy & damage with ranged weapons and melee
   (+5).
   rC+:       It protects you from cold.
 k - a ring of wizardry
 l - an amulet of magic regeneration (around neck)
 m - the ring of Gebue (left hand) {rElec rCorr Str+5 Dex-5}
   (You bought it in a shop on level 2 of the Elven Halls)

   [ring of resist corrosion]

   Str+5:     It affects your strength (+5).
   Dex-5:     It affects your dexterity (-5).
   rElec:     It insulates you from electricity.
   rCorr:     It protects you from acid and corrosion.
 o - the ring of Isuamp {rN++ Str+2 Int+5 SInv}
   (You found it on level 3 of the Crypt)

   [ring of see invisible]

   Str+2:     It affects your strength (+2).
   Int+5:     It affects your intelligence (+5).
   rN++:      It greatly protects you from negative energy.
   SInv:      It lets you see invisible.
 t - an amulet of reflection
 u - the ring of Xom's Full Attention {rF+ rN++ Slay+4}
   (You found it on level 3 of the Crypt)

   [ring of slaying]

   Slay+4:    It affects your accuracy & damage with ranged weapons and melee
   (+4).
   rF+:       It protects you from fire.
   rN++:      It greatly protects you from negative energy.
 v - the ring of Roavaenu {Fire rN+ Slay+3}
   (You found it on level 4 of the Dungeon)

   [ring of fire]

   Fire:      It enhances your fire magic.
   Slay+3:    It affects your accuracy & damage with ranged weapons and melee
   (+3).
   rF+:       It protects you from fire.
   rC-:       It makes you vulnerable to cold.
   rN+:       It protects you from negative energy.
 w - the ring of Curiosity {rPois rCorr MP+9}
   (You found it on level 7 of Tartarus)

   [ring of magical power]

   rPois:     It protects you from poison.
   MP+9:      It affects your magic capacity (+9).
   rCorr:     It protects you from acid and corrosion.
 y - an amulet of guardian spirit
 D - the ring of Hovy {Fly rC- rN+++ rCorr MP-9}
   (You found it on level 5 of the Pits of Slime)

   [ring of flight]

   rC-:       It makes you vulnerable to cold.
   rN+++:     It renders you almost immune to negative energy.
   MP-9:      It affects your magic capacity (-9).
   Fly:       It grants you flight.
   rCorr:     It protects you from acid and corrosion.
 E - the amulet of Olae {Acrobat Regen+ Str+4}
   (You found it on level 5 of the Pits of Slime)

   [amulet of the acrobat]

   Acrobat:   It increases your evasion while moving and waiting.
   Str+4:     It affects your strength (+4).
   Regen+:    It increases your rate of health regeneration.
 N - the ring "Adetes" {Fly rC+ EV+5 Int-2 Dex+2}
   (You found it on level 3 of the Tomb of the Ancients)

   [ring of evasion]

   EV+5:      It affects your evasion (+5).
   Int-2:     It affects your intelligence (-2).
   Dex+2:     It affects your dexterity (+2).
   rC+:       It protects you from cold.
   Fly:       It grants you flight.
 U - the amulet "Refor" {rPois Regen+ MP+9 Str+6}
   (You found it in Pandemonium)

   [amulet of regeneration]

   Str+6:     It affects your strength (+6).
   rPois:     It protects you from poison.
   MP+9:      It affects your magic capacity (+9).
   Regen+:    It increases your rate of health regeneration.
 Y - the ring "Otaogut" (right hand) {rElec rPois rF+ rC+ EV+5 Int+2}
   (You found it on level 5 of a ziggurat)

   [ring of evasion]

   EV+5:      It affects your evasion (+5).
   Int+2:     It affects your intelligence (+2).
   rF+:       It protects you from fire.
   rC+:       It protects you from cold.
   rElec:     It insulates you from electricity.
   rPois:     It protects you from poison.
Talismans
 I - the death talisman of the Furrier {rF+}
   (You bought it in a shop on level 2 of the Orcish Mines)

   [talisman of death]

   rF+:       It protects you from fire.
Wands
 x - a wand of iceblast (121)
 K - a wand of light (49)
 S - a wand of digging (14)
Scrolls
 b - 20 scrolls of fog
 p - 6 scrolls of amnesia
 z - 4 scrolls of blinking
 C - 7 scrolls of teleportation
 H - a scroll of enchant armour
Potions
 a - 12 potions of might
 c - 4 potions of enlightenment
 d - 18 potions of magic
 f - 5 potions of invisibility
 h - 15 potions of brilliance
 n - 20 potions of heal wounds
 B - 7 potions of mutation
 J - 22 potions of lignification
 M - 8 potions of cancellation
 T - 8 potions of attraction
 X - 14 potions of curing
 Z - 2 potions of resistance
Miscellaneous
 Q - a phantom mirror


   Skills:
 * Level 23.5 Fighting
 * Level 19.8(19.9) Axes
 - Level 2.0(13.2) Polearms
 - Level 2.0 Ranged Weapons
 - Level 2.0 Throwing
 * Level 12.2 Armour
 * Level 12.5 Dodging
 * Level 16.9 Stealth
 * Level 24.6 Shields
 - Level 2.0 Unarmed Combat
 - Level 21.0 Spellcasting
 - Level 23.0 Conjurations
 - Level 7.0 Hexes
 - Level 13.0 Summonings
 - Level 6.0 Necromancy
 - Level 4.0 Translocations
 - Level 19.0 Fire Magic
 - Level 7.0 Ice Magic
 - Level 23.0 Air Magic
 - Level 10.0 Earth Magic
 - Level 7.0 Alchemy
 - Level 13.0 Invocations
 - Level 8.0 Evocations
 - Level 23.0 Shapeshifting


You had 10 spell levels left.
You knew the following spells:

 Your Spells              Type           Power      Damage    Failure   Level
a - Dispel Undead         Necr           77%        3d25      1%          4
b - Bombard               Conj/Erth      56%        9d9       1%          6
c - Chain Lightning       Conj/Air       63%        3d84      4%          9
d - Blink                 Tloc           100%       N/A       1%          2
e - Lesser Beckoning      Tloc           100%       N/A       1%          2
f - Ignition              Fire           59%        3d16      1%          8
g - Freezing Cloud        Conj/Ice/Air   57%        6-21      0%          5
h - Yara's Violent Unrav  Hex/Alch       40%        3d16      1%          5
j - Sticky Flame          Fire/Alch      100%       2d15      1%          4
k - Conjure Ball Lightni  Conj/Air       63%        3x3d23    0%          6
l - Spellforged Servitor  Conj/Summ      58%        N/A       1%          7

Your spell library contained the following spells:

 Spells                   Type           Power      Damage    Failure   Level
 Kiss of Death            Conj/Necr      100%       2d13      0%          1
 Magic Dart               Conj           100%       1d8       0%          1
 Sandblast                Erth           100%       2d20      0%          1
 Shock                    Conj/Air       100%       1d9       0%          1
 Sting                    Conj/Alch      100%       1d9       0%          1
 Summon Small Mammal      Summ           100%       N/A       0%          1
 Call Imp                 Summ           100%       N/A       0%          2
 Cigotuvi's Dreadful Rot  Necr/Alch/Air  100%       N/A       0%          2
 Mercury Vapours          Alch/Air       100%       N/A       0%          2
 Scorch                   Fire           100%       2d9       0%          2
 Searing Ray              Conj           100%       2d8       0%          2
 Static Discharge         Conj/Air       100%       3-8/arc   0%          2
 Call Canine Familiar     Summ           100%       N/A       0%          3
 Dazzling Flash           Conj/Hex       100%       N/A       0%          3
 Hailstorm                Conj/Ice       100%       3d16      0%          3
 Inner Flame              Hex/Fire       100%       N/A       0%          3
 Mephitic Cloud           Conj/Alch/Air  100%       N/A       0%          3
 Stone Arrow              Conj/Erth      100%       3d13      0%          3
 Swiftness                Air            100%       N/A       0%          3
 Volatile Blastmotes      Fire/Tloc      100%       2d18      0%          3
 Airstrike                Air            63%        2d(10-26) 0%          4
 Brom's Barrelling Bould  Conj/Erth      100%       2d11      0%          4
 Flame Wave               Conj/Fire      100%       2d21      0%          4
 Fulminant Prism          Conj/Alch      54%        3d22      0%          4
 Summon Blazeheart Golem  Fire/Summ      100%       N/A       0%          4
 Summon Lightning Spire   Summ/Air       100%       N/A       0%          4
 Fireball                 Conj/Fire      61%        3d23      0%          5
 Iskenderun's Battlesphe  Conj           100%       2d15      0%          5
 Starburst                Conj/Fire      61%        6d16      0%          6
 Apportation              Tloc           100%       N/A       1%          1
 Freeze                   Ice            100%       1d10      1%          1
 Necrotise                Necr           100%       1d9       1%          1
 Slow                     Hex            100%       N/A       1%          1
 Ensorcelled Hibernation  Hex/Ice        100%       N/A       1%          2
 Sublimation of Blood     Necr           77%        N/A       1%          2
 Confusing Touch          Hex            81%        N/A       1%          3
 Fugue of the Fallen      Necr           77%        N/A       1%          3
 Gell's Gravitas          Tloc           68%        N/A       1%          3
 Ozocubu's Armour         Ice            81%        N/A       1%          3
 Passwall                 Erth           92%        N/A       1%          3
 Sigil of Binding         Hex            81%        N/A       1%          3
 Summon Ice Beast         Ice/Summ       92%        N/A       1%          3
 Teleport Other           Tloc           68%        N/A       1%          3
 Tukima's Dance           Hex            81%        N/A       1%          3
 Vampiric Draining        Necr           77%        2d11      1%          3
 Anguish                  Hex/Necr       39%        N/A       1%          4
 Animate Armour           Summ/Erth      100%       N/A       1%          4
 Animate Dead             Necr           77%        N/A       1%          4
 Cause Fear               Hex            40%        N/A       1%          4
 Dimensional Bullseye     Hex/Tloc       37%        N/A       1%          4
 Ignite Poison            Fire/Alch      100%       N/A       1%          4
 Iskenderun's Mystic Bla  Conj/Tloc      100%       2d19      1%          4
 Leda's Liquefaction      Alch/Erth      43%        N/A       1%          4
 Manifold Assault         Tloc           68%        N/A       1%          4
 Martyr's Knell           Necr/Summ      91%        N/A       1%          4
 Olgreb's Toxic Radiance  Alch           81%        N/A       1%          4
 Passage of Golubria      Tloc           68%        N/A       1%          4
 Petrify                  Alch/Erth      87%        N/A       1%          4
 Vhi's Electric Charge    Tloc/Air       100%       N/A       1%          4
 Alistair's Intoxication  Alch           54%        N/A       1%          5
 Borgnjor's Vile Clutch   Necr/Erth      42%        N/A       1%          5
 Curse of Agony           Necr           77%        N/A       1%          5
 Irradiate                Conj/Alch      54%        3d29      1%          5
 Lee's Rapid Deconstruct  Erth           46%        3d22*     1%          5
 Metabolic Englaciation   Hex/Ice        40%        N/A       1%          5
 Silence                  Hex/Air        54%        N/A       1%          5
 Summon Forest            Summ/Tloc      43%        N/A       1%          5
 Summon Mana Viper        Hex/Summ       92%        N/A       1%          5
 Summon Cactus Giant      Summ           51%        N/A       1%          6
 Orb of Destruction       Conj           63%        9d15      1%          7
 Maxwell's Capacitive Co  Air            63%        ∞         1%          8
 Permafrost Eruption      Ice/Erth       43%        2x4d12    2%          6
 Summon Hydra             Summ           51%        N/A       2%          7
 Eringya's Noxious Bog    Alch           40%        4d6       4%          6
 Sculpt Simulacrum        Ice/Alch       40%        N/A       4%          6
 Lehudib's Crystal Spear  Conj/Erth      56%        10d13     4%          8
 Death Channel            Necr           38%        N/A       8%          6
 Haunt                    Necr/Summ      45%        N/A       10%         7
 Fire Storm               Conj/Fire      61%        8d16      11%         9
 Dispersal                Tloc           34%        N/A       17%         6
 Enfeeble                 Hex            40%        N/A       26%         7
 Ozocubu's Refrigeration  Ice            40%        4d16      26%         7
 Discord                  Hex            40%        N/A       91%         8
 Dragon's Call            Summ           51%        N/A       95%         9
 Borgnjor's Revivificati  Necr           38%        N/A       97%         8
 Disjunction              Tloc           34%        N/A       100%        8
 Death's Door             Necr           38%        N/A       100%        9
 Polar Vortex             Ice            40%        12d5*     100%        9


Dungeon Overview and Level Annotations

Branches:
Dungeon (15/15)            Temple (1/1) D:7            Lair (5/5) D:8
 Shoals (4/4) Lair:3       Spider (4/4) Lair:2        Slime (5/5) Lair:4
    Orc (2/2) D:9             Elf (3/3) Orc:2        Vaults (5/5) D:14
  Crypt (3/3) Vaults:3       Tomb (3/3) Crypt:3      Depths (4/4) D:15
   Hell (visited)             Dis (7/7) Hell            Geh (7/7) Hell
    Coc (7/7) Hell            Tar (7/7) Hell            Zot (5/5) Depths:4
Ossuary (visited)          Bailey (visited)         Volcano (visited)
 WizLab (visited)

Altars:
Ashenzari
Cheibriados
Dithmenos
Elyvilon
Fedhas
Gozag
Hepliaklqana
Kikubaaqudgha
Makhleb
Nemelex Xobeh
Okawaru
Qazlal
Ru
Sif Muna
Trog
Uskayaw
Vehumet
Wu Jian
Xom
Yredelemnul
Zin
The Shining One
Beogh

Shops:
D:5 [(   D:6 :   D:9 =   Orc:2 =![(   Elf:2 *:=(   Vaults:1 ?(   Vaults:2 :!([*
Depths:1 :

Portals:
Hell: Depths:1 Depths:2 Depths:3 Depths:4
Abyss: D:5 Depths:3
Pandemonium: Depths:2

Annotations:
Depths:1 6 runed translucent doors


Innate Abilities, Weirdness & Mutations

Your serpentine skin is tough. (AC +9)
You have supernaturally acute eyesight. (SInv)
Armour fits poorly on your strangely shaped body.
Your system is resistant to poisons. (rPois)
You cover ground very slowly.
You can spit poison.
You can use your snake-like lower body to constrict enemies.
You are robust. (+10% HP)
You occasionally lose the ability to drink potions when taking damage.


Message History

You kill the soul eater!
Cheibriados appreciates the change of pace.
The demonspawn black sun blocks your attack.
The demonspawn black sun closely misses you.
Unknown command.
You slash the demonspawn black sun!
The demonspawn black sun decays.
Your grab misses the demonspawn black sun.
The demonspawn black sun is lightly wounded.
You block the demonspawn black sun's attack.
Unknown command.
You slash the demonspawn black sun!
The demonspawn black sun decays.
You grab the demonspawn black sun.
The demonspawn black sun is lightly wounded.
You constrict the demonspawn black sun!
You block the demonspawn black sun's attack.
Unknown command.
You open the demonspawn black sun like a pillowcase!!!!
You kill the demonspawn black sun!
Cheibriados appreciates the change of pace.
Unknown command.
No target in view!
Items here: ) [[ †.
There is an open door here.
There is a stone staircase leading down here.
A reaper comes into view. It is wielding a +2 heavy scythe.
You slash the reaper!
The reaper decays.
You grab the reaper.
The reaper is lightly wounded.
You constrict the reaper! You chop the reaper into pieces!!!
The reaper decays.
The reaper is severely wounded.
You constrict the reaper! You block the reaper's attack.
You chop the reaper into pieces!!!
You kill the reaper!
Cheibriados appreciates the change of pace.
No target in view!
The black bear growls angrily.
The hound barks!
There is a staircase leading out of the dungeon here.
You begin untransforming.
You continue untransforming. x3
You feel yourself come back to life.
You have escaped!

#.........#
#........ß#
#.#..###..## #
#.#..#h#...# #
#.#..#w#..ß#######
#.#..#s#......>..'
#.#..#h#..ß##)#.##
#.#..#D#...##.#.##
#@#..###..###.#.##
###......ß# #.#.#.
#.......# #.#.##
##.ß.ß.## #.#.#.
#.....# #.#.#.
##########.#.#.
#......#.#...
#.#.##.#.#...
#########.#.##.#.#...


There were no monsters in sight!

Vanquished Creatures
  Cerebov (Pan)
  Antaeus (Coc:7)
  Asmodeus (Geh:7)
  Dissolution (Slime:2)
  the Royal Jelly (Slime:5)
  Ereshkigal (Tar:7)
  Mnoleg (Pan)
  Ignacio (Pan)
  Gloorx Vloq (Pan)
  Lom Lobon (Pan)
  the Serpent of Hell (Geh:7)
  Dispater (Dis:7)
  8 dread liches
  Mara (Shoals:3)
  The ghost of Ganeol the Conqueror, a legendary MiBe of Trog (Zot:3)
  4 orbs of fire
  Mennas (Pan)
  An ancient lich (Zig:10)
  3 juggernauts
  The ghost of Fytwut the Conqueror, a legendary GrBe of the Shining One (Crypt:3)
  The ghost of Juymismo the Conqueror, a legendary GrBe of the Shining One (Crypt:3)
  35 royal mummies
  18 shard shrikes
  Vv (Crypt:2)
  Sojobo (Crypt:3)
  Boris (Crypt:1)
  5 Killer Klowns (Zot:5)
  The ghost of Xusoh the Metallomancer, a veteran GrEE of Gozag (Crypt:3)
  Geryon (Hell)
  3 curse toes
  28 caustic shrikes
  Nikola (Depths:1)
  A golden dragon (shapeshifter) (Zot:4)
  the Enchantress (Depths:4)
  15 bone dragons
  12 golden dragons
  10 profane servitors
  Arachne (Spider:2)
  4 electric golems
  31 Tzitzimimeh
  12 pandemonium lords
  14 doom hounds
  14 Brimstone Fiends
  A spectral shard shrike (Tar:7)
  11 hellephants
  8 iron giants
  23 Ice Fiends
  A walking crystal tome (Depths:3)
  13 liches
  Jorgrun (D:15)
  32 Hell Sentinels
  19 tainted leviathans
  2 walking frostbound tomes (Depths:3)
  3 deep elf blademasters
  30 tentacled monstrosities
  An iron dragon (shapeshifter) (Zot:4)
  22 searing wretches
  31 Orb Guardians
  15 titans
  36 acid blobs
  4 deep elf master archers
  2 walking divine tomes (Depths:3)
  27 Executioners
  Murray (Depths:3)
  6 quicksilver dragons
  14 sphinxes
  2 tentacled starspawn (Abyss:2)
  40 ancient champions
  Agnes (Spider:3)
  12 death cobs
  2 krakens
  4 thorn hunters
  Gastronok (Lair:2)
  19 storm dragons
  17 shadow dragons
  8 tengu reavers
  Kirke (Spider:1)
  11 demonspawn warmongers
  10 draconian knights
  Donald (Shoals:1)
  19 azure jellies
  6 fenstrider witches
  3 nagarajas
  20 narguns
  An azure jelly (shapeshifter) (Zot:4)
  9 draconian monks
  7 emperor scorpions
  12 rockslimes
  19 protean progenitors
  5 revenants
  17 frost giants
  3 daevas (Pan)
  15 fire giants
  11 iron dragons
  17 vault wardens
  12 draconian scorchers
  12 quicksilver elementals
  5 draconian shifters
  3 deep elf sorcerers
  52 balrugs
  2 juggernaut zombies
  4 orc warlords
  2 spectral caustic shrikes
  9 demonspawn corrupters (Pan)
  15 cacodemons
  5 shard shrike simulacra
  5 ghost moths
  14 draconian annihilators
  5 deep elf elementalists
  3 draconian stormcallers
  8 curse skulls
  17 ironbound preservers
  A very ugly thing (shapeshifter) (Zot:4)
  2 angels (Pan)
  43 reapers
  23 quicksilver oozes
  6 broodmothers
  5 ghouls
  A caustic shrike skeleton (Pan)
  4 demonspawn blood saints (Pan)
  A juggernaut skeleton (Tomb:1)
  6 apis (Pan)
  7 formless jellyfish
  An ophan (Pan)
  9 ironbound thunderhulks
  Nessos (D:15)
  21 very ugly things
  18 green draconians
  4 spriggan defenders
  14 black draconians
  9 deep elf demonologists
  29 putrid mouths
  12 demonspawn black suns
  12 bennus
  An eleionoma (WizLab)
  27 elemental wellsprings
  25 stone giants
  6 vampire knights
  12 red draconians
  10 deep elf death magi
  7 lorocyprocas (Pan)
  A spectral titan (Tar:5)
  11 yellow draconians
  13 white draconians
  29 war gargoyles
  9 spark wasps
  A bunyip (Zot:2)
  11 dire elephants
  23 wendigos
  10 purple draconians
  13 deep elf annihilators
  25 iron golems
  28 mummy priests
  12 eidola
  2 spectral spriggans
  22 blizzard demons
  2 crystal guardians (Dis:5)
  17 yaktaur captains
  6 jiangshi
  3 merfolk javelineers
  8 merfolk impalers
  15 green deaths
  A quicksilver dragon zombie (Depths:2)
  14 ettins
  Josephine (Orc:1)
  3 entropy weavers
  10 fire dragons
  A shambling mangrove (WizLab)
  Fannar (D:11)
  A spriggan zombie (Abyss:2)
  29 vault guards
  4 rakshasas
  4 deep elf high priests
  A quicksilver dragon skeleton (Crypt:1)
  An alligator (Zot:3)
  4 peacekeepers
  A ghost crab (Zig:8)
  15 salamander tyrants
  3 ogre magi
  9 great orbs of eyes
  10 hydras
  4 hell beasts
  8 ironbound frosthearts
  3 spriggan air magi
  Harold (Lair:2)
  4 anacondas
  9 stokers
  6 juggernaut simulacra
  4 death knights
  9 boulder beetles
  9 ice dragons
  19 centaur warriors
  8 caustic shrike simulacra
  3 merfolk avatars
  3 alligator snapping turtles
  A satyr (shapeshifter) (Vaults:5)
  3 radroaches
  3 jorogumos
  11 satyrs
  34 dancing weapons
  9 death yaks
  A torpor snail (shapeshifter) (Depths:3)
  3 deep troll shamans
  41 death scarabs
  A thrashing horror (Abyss:2)
  Erica (D:9)
  5 orc high priests
  2 spectral dire elephants
  8 merfolk aquamancers
  11 two-headed ogres
  11 demonic crawlers
  3 spectral emperor scorpions (Pan)
  24 hell hogs
  2 naga sharpshooters
  4 spectral nagas
  8 spriggan berserkers
  4 deep troll earth magi
  5 nameless horrors
  7 vampire magi
  7 tengu warriors
  4 occultists
  16 hell knights
  Urug (D:11)
  23 soul eaters
  29 skeletal warriors
  21 deep elf knights
  3 hellephant skeletons (Pan)
  82 sun demons
  2 titan skeletons
  17 crystal echidnas
  3 wretched stars
  7 pharaoh ants
  29 shadow wraiths
  15 skysharks
  A cherub (Depths:4)
  19 sixfirhies
  A glowing orange brain (shapeshifter) (Vaults:5)
  3 iron trolls (Depths:3)
  A spectral bunyip (Tar:1)
  32 deep trolls
  19 orb spiders
  18 sea snakes
  5 quicksilver dragon simulacra
  A spatial maelstrom (Abyss:4)
  2 spectral anacondas
  8 flayed ghosts
  29 large abominations
  3 swamp dragons (Zig:8)
  A deep troll (shapeshifter) (Vaults:5)
  13 sun moths
  8 arcanists
  An orange crystal statue (Crypt:2)
  5 spriggan simulacra
  7 steelbarb worms
  2 steelbarb worms (shapeshifter)
  A fenstrider witch simulacrum (Crypt:1)
  A bunyip skeleton (Tomb:1)
  14 deep elf archers
  20 shadow demons
  2 bog bodies
  An anaconda skeleton (Crypt:3)
  6 glowing orange brains
  A spectral iron dragon (Tar:2)
  2 spriggan druids
  36 deep elf pyromancers
  11 necromancers
  11 ironbound convokers
  11 lindwurms
  15 orc knights
  A naga ritualist (Zig:5)
  3 oklob plants
  27 deep elf zephyrmancers
  A thermic dynamo (Zig:10)
  2 obsidian statues
  3 obsidian bats
  14 phantasmal warriors
  10 harpies
  9 orc sorcerers
  57 ugly things
  A shadow dragon skeleton (Tomb:3)
  7 shining eyes
  4 spectral ettins
  A salamander (shapeshifter) (D:15)
  22 moths of wrath
  20 wolf spiders
  10 cyclopes
  20 fauns
  4 will-o-the-wisps
  2 worldbinders (Abyss:2)
  23 manticores
  12 elephants
  A toenail golem (D:5)
  A naga zombie (Tomb:1)
  9 black mambas
  A faun (shapeshifter) (Zig:10)
  A shining eye (shapeshifter) (Vaults:5)
  11 merfolk sirens
  9 meliai
  2 centaur zombies
  7 titan simulacra
  A frost giant skeleton (Depths:2)
  35 smoke demons
  6 torpor snails
  24 vault sentinels
  A gargoyle (D:11)
  7 molten gargoyles (Geh:7)
  An ice statue (Coc:7)
  6 kobold blastminers
  14 orange demons
  11 water nymphs
  3 storm dragon simulacra
  13 rust devils
  14 cane toads
  A bunyip simulacrum (Tomb:3)
  5 unseen horrors (Tar:7)
  6 efreet
  A kobold demonologist (D:7)
  A dire elephant skeleton (Tomb:2)
  40 hellions
  11 freezing wraiths
  A centaur skeleton (Crypt:3)
  2 ice devils (Pan)
  Psyche (D:8)
  5 iron giant simulacra
  6 anaconda simulacra
  12 komodo dragons
  7 red devils (Pan)
  48 guardian mummies
  26 tormentors
  40 yaktaurs
  6 rime drakes
  3 golden dragon simulacra
  6 tengu conjurers
  A green draconian skeleton (Crypt:1)
  2 hydra zombies
  A minotaur skeleton (Crypt:1)
  A grey draconian skeleton (Crypt:3)
  3 ancient zymes
  14 hellwings (Pan)
  38 merfolk
  2 unseen horror skeletons
  A harpy zombie (Crypt:3)
  3 spectral harpies
  A silent spectre (Tar:4)
  13 trolls
  26 tarantellas
  2 polar bears
  13 wind drakes
  4 harpy skeletons
  7 hornets
  A tyrant leech (shapeshifter) (Vaults:5)
  2 tyrant leeches (Zot:5)
  Prince Ribbit (Bailey)
  A dream sheep (Lair:3)
  16 raiju (Abyss:2)
  22 blink frogs
  A tengu simulacrum (Tomb:3)
  6 snapping turtles
  A dream sheep (shapeshifter) (Vaults:5)
  5 glass eyes
  2 iron dragon simulacra
  3 stone giant simulacra
  The ghost of ballabu the Changeling, an amateur OpSh (D:5)
  29 culicivoras
  112 slime creatures
  36 jumping spiders
  A shadow (D:9)
  Sigmund (D:2)
  A satyr skeleton (Crypt:3)
  17 wraiths
  8 dire elephant simulacra
  2 ettin skeletons
  A merfolk skeleton (Crypt:3)
  3 vampires (Vaults:3)
  A slime creature (shapeshifter) (Depths:2)
  65 yaks
  28 ynoxinuls
  19 spriggans
  4 wyverns
  2 small abominations (Abyss:2)
  8 air elementals
  4 naga simulacra
  17 ushabtiu
  A wyvern (shapeshifter) (Spider:1)
  5 humans (Bailey)
  27 water elementals
  2 alligator snapping turtle simulacra
  4 basilisks
  18 neqoxecs
  4 wargs
  2 fire elementals
  5 hogs (Spider:1)
  Eustachio (D:5)
  15 fire bats (D:9)
  23 golden eyes
  25 vampire mosquitoes
  3 steam dragons
  54 redbacks
  Menkaure (D:7)
  A swamp worm (shapeshifter) (Vaults:5)
  3 swamp worms (Zot:2)
  32 chaos spawn
  A deep troll zombie (Crypt:2)
  14 harpy simulacra
  A jumping spider (shapeshifter) (Depths:3)
  2 two-headed ogre zombies
  8 hell hounds
  6 spatial vortices (Abyss:4)
  A demonspawn skeleton (Crypt:2)
  4 hydra simulacra
  2 acid dragons
  11 water moccasins
  5 sky beasts
  2 naga skeletons
  4 ettin simulacra
  25 orc warriors
  A merfolk simulacrum (Coc:1)
  3 black bears
  12 ogres
  13 laughing skulls
  A black mamba simulacrum (Crypt:2)
  7 centaurs
  A swamp dragon zombie (Crypt:1)
  5 wolves (Lair:3)
  2 boggarts
  2 kobold brigands
  A hog skeleton (Crypt:2)
  Blork the orc (D:4)
  A vine stalker zombie (Crypt:1)
  5 earth elementals
  5 brain worms (Pan)
  18 bullfrogs
  A gnoll sergeant (D:11)
  6 scorpions
  A water moccasin zombie (Crypt:1)
  A polar bear zombie (Crypt:2)
  A cyclops skeleton (Crypt:2)
  47 killer bees
  2 howler monkeys
  A crimson imp (D:5)
  2 quasits
  4 hounds
  2 jellies (D:5)
  22 orc priests
  A sleepcap (D:6)
  Crazy Yiuf (D:4)
  A black bear skeleton (Crypt:2)
  3 gnoll boudas
  4 iguanas
  28 starcursed masses (Abyss:2)
  A scorpion zombie (Crypt:1)
  46 orc wizards
  13 hell rats
  A tengu zombie (Crypt:2)
  An acid dragon zombie (Crypt:1)
  44 mummies
  Robin (D:3)
  15 gnolls
  2 adders
  3 shadow imps
  2 white imps
  4 ufetubi
  6 ribbon worms
  A dart slug (D:2)
  51 orcs
  4 endoplasms
  8 giant cockroaches
  13 goblins
  9 hobgoblins
  5 jackals (D:4)
  4 ball pythons
  75 bats
  A dart slug zombie (Crypt:3)
  3 frilled lizards
  A giant cockroach zombie (Crypt:3)
  A gnoll skeleton (Crypt:1)
  2 goblin zombies
  2 jackal zombies (Ossuary)
  14 kobolds
  A kobold zombie (Ossuary)
  6 rats
  A rat zombie (Ossuary)
  3 aspiring fleshes
  A ball lightning (Pan)
  2 creeping infernos
  13 fire vortices
  2 spectral weapons (Pan)
  6 starspawn tentacles
  5 tentacles
4668 creatures vanquished.

Vanquished Creatures (collateral kills)
  A Killer Klown (Zot:5)
  A caustic shrike (Dis:6)
  2 Tzitzimimeh (Tar:5)
  A hellephant (Geh:4)
  4 iron giants
  A Hell Sentinel (Dis:7)
  A searing wretch (Geh:3)
  A deep elf master archer (Elf:3)
  An ancient champion (Dis:7)
  A demonspawn warmonger (Pan)
  2 quicksilver elementals
  2 balrugs
  A demonspawn blood saint (Pan)
  A stone giant (Depths:3)
  A deep elf demonologist (Elf:3)
  A deep elf death mage (Elf:3)
  A red draconian (Zot:5)
  A war gargoyle (Dis:1)
  A white draconian (Depths:4)
  12 iron golems
  A merfolk impaler (Zig:9)
  A salamander tyrant (Geh:3)
  A juggernaut simulacrum (Coc:7)
  2 stokers
  2 hell hogs (Geh:4)
  A spectral bunyip (Tar:1)
  A molten gargoyle (Geh:7)
  A smoke demon (Pan)
  A tormentor (Geh:4)
  2 hellwings (Pan)
  An air elemental (Elf:3)
  A yak (Lair:5)
  A redback (Spider:3)
  A steam dragon (D:8)
  A water moccasin (D:9)
  A sky beast (D:6)
  A black bear (D:4)
  A centaur (D:9)
  A scorpion (D:4)
  A mummy (D:6)
  An adder (D:5)
  6 orcs
  3 endoplasms
  5 goblins
  3 hobgoblins
  A jackal (D:3)
  2 quokkas
  3 bats (D:9)
  A frilled lizard (D:3)
  A kobold (D:4)
  A rat zombie (Ossuary)
  A ball lightning (Elf:3)
  2 creeping infernos
  3 fire vortices (Geh:4)
93 creatures vanquished.

Vanquished Creatures (others)
  An Executioner (Pan)
  2 eldritch tentacles
  2 nagarajas (Pan)
  A shard shrike simulacrum (Coc:6)
  A fire giant (Depths:4)
  A cacodemon (Pan)
  A very ugly thing (Vaults:5)
  A demonspawn blood saint (Zot:4)
  A reaper (Coc:6)
  A starcursed mass (Abyss:2)
  A juggernaut simulacrum (Coc:6)
  A tengu warrior (Depths:1)
  A spriggan simulacrum (Coc:1)
  A wolf spider (Spider:3)
  A manticore (D:11)
  A titan simulacrum (Coc:5)
  An iron giant simulacrum (Coc:3)
  A golden dragon simulacrum (Coc:3)
  A bloated husk (Zig:8)
  An iron dragon simulacrum (Coc:1)
  A stone giant simulacrum (Coc:7)
  An ushabti (Tomb:2)
  An alligator snapping turtle simulacrum (Coc:3)
  3 dire elephant simulacra
  A tyrant leech zombie (Crypt:3)
  3 redbacks
  A chaos spawn (Pan)
  A neqoxec (Pan)
  A spatial vortex (Abyss:4)
  An ettin simulacrum (Coc:7)
  A laughing skull (Crypt:1)
  172 ball lightnings
  A creeping inferno (Geh:7)
  2 fire vortices
  14 foxfires
  A lurking horror (Abyss:2)
  3 starspawn tentacles
  11 tentacles
241 creatures vanquished.

Grand Total: 5002 creatures vanquished

Notes
Turn   | Place    | Note
-------+----------+-------------------------------------------
     0 | D:1      | shorse the Naga Hedge Wizard began the quest for the Orb.
     0 | D:1      | Reached XP level 1. HP: 15/15 MP: 4/4
     6 | D:1      | Noticed a scorpion
     6 | D:1      | Noticed a hound
     6 | D:1      | Noticed a black bear
     6 | D:1      | Noticed a swamp worm
     6 | D:1      | Noticed a five-headed hydra
   209 | D:1      | Reached XP level 2. HP: 22/22 MP: 3/6
   212 | D:1      | Learned a level 2 spell: Call Imp
  1026 | D:2      | Reached XP level 3. HP: 28/28 MP: 4/7
  1038 | D:2      | Learned a level 3 spell: Mephitic Cloud
  1041 | D:2      | Learned a level 2 spell: Blink
  1406 | D:2      | Noticed Sigmund
  1810 | D:3      | Reached skill level 1 in Alchemy
  1822 | D:3      | Reached skill level 1 in Air Magic
  1830 | D:3      | Noticed Robin
  1864 | D:3      | Killed Robin
  1865 | D:3      | Reached XP level 4. HP: 24/36 MP: 2/8
  2047 | D:3      | Found a faded altar of an unknown god.
  2267 | D:3      | Found a stormy altar of Qazlal.
  2267 | D:3      | Found an opulent altar of Gozag.
  2277 | D:3      | Found a hazy altar of Hepliaklqana.
  2288 | D:3      | Found a shimmering altar of Xom.
  2291 | D:3      | Found a broken altar of Ashenzari.
  2416 | D:4      | Noticed a scorpion
  2421 | D:4      | Killed a scorpion
  2422 | D:4      | Reached XP level 5. HP: 42/42 MP: 6/9
  2476 | D:4      | Found a shimmering blue altar of Sif Muna.
  2491 | D:4      | Identified the ring of Roavaenu {Fire rN+ Slay+3}
  2526 | D:4      | Reached XP level 6. HP: 39/49 MP: 4/10
  2952 | D:2      | Killed Sigmund
  2953 | D:2      | Reached XP level 7. HP: 50/55 MP: 7/12
  2970 | D:2      | Found a basalt altar of Yredelemnul.
  3484 | D:4      | Noticed Blork the orc
  3501 | D:4      | Killed Blork the orc
  3570 | D:4      | Found a runed translucent door.
  3571 | D:4      | Noticed Crazy Yiuf
  3586 | D:4      | Killed Crazy Yiuf
  3657 | D:4      | Learned a level 2 spell: Scorch
  3714 | D:5      | Entered Level 5 of the Dungeon
  3726 | D:4      | Reached skill level 5 in Spellcasting
  3728 | D:5      | Found Picuaps's Antique Weapon Shop.
  3806 | D:5      | Reached skill level 1 in Fire Magic
  3806 | D:5      | Reached XP level 8. HP: 63/63 MP: 8/15
  3908 | D:5      | Found Nukhim's Antique Armour Emporium.
  3916 | D:5      | Bought an ichor-stained robe for 102 gold pieces
  3916 | D:5      | Identified the +0 robe of the Elven Halls {Will++ Int+4}
                  | (You bought it in a shop on level 5 of the Dungeon)
  3996 | D:5      | Noticed Eustachio
  4032 | D:5      | Found a transporter.
  4034 | D:5      | Found a transporter.
  4067 | D:5      | Noticed a toenail golem
  4113 | D:5      | Found a one-way gate to the infinite horrors of the Abyss.
  4113 | D:5      | Noticed ballabu's ghost (amateur OpSh)
  4185 | D:5      | Reached skill level 1 in Polearms
  4292 | D:5      | Reached skill level 1 in Fighting
  4294 | D:5      | Reached skill level 1 in Shields
  4351 | D:5      | Reached skill level 1 in Armour
  4356 | D:5      | Killed Eustachio
  4502 | D:6      | Found Boapp's Book Shop.
  4562 | D:6      | Found a sand-covered staircase.
  4580 | Ossuary  | Entered an ossuary
  4655 | D:6      | Learned a level 4 spell: Flame Wave
  5034 | D:6      | Reached XP level 9. HP: 75/76 MP: 8/18
  5295 | D:7      | Noticed Menkaure
  5374 | D:7      | Noticed a kobold demonologist
  5383 | D:7      | Killed a kobold demonologist
  5617 | D:7      | Reached skill level 5 in Fighting
  5631 | D:7      | Killed Menkaure
  5632 | D:7      | Reached skill level 5 in Conjurations
  5686 | D:7      | Found a staircase to the Ecumenical Temple.
  5691 | Temple   | Entered the Ecumenical Temple
  5696 | Temple   | Became a worshipper of Cheibriados the Contemplative
  5776 | D:7      | Learned a level 5 spell: Freezing Cloud
  6152 | D:8      | Found a glowing silver altar of Zin.
  6369 | D:8      | Noticed a komodo dragon
  6391 | D:8      | Reached * piety under Cheibriados
  6399 | D:8      | Reached skill level 1 in Axes
  6399 | D:8      | Reached skill level 1 in Ice Magic
  6417 | D:8      | Reached XP level 10. HP: 43/91 MP: 4/19
  6487 | D:8      | Found a staircase to the Lair.
  6498 | D:8      | Noticed Psyche
  6509 | D:8      | Reached skill level 2 in Shields
  6509 | D:8      | Reached skill level 5 in Fire Magic
  6511 | D:8      | Killed Psyche
  6880 | D:9      | Found a staircase to the Orcish Mines.
  7011 | D:9      | Reached ** piety under Cheibriados
  7021 | D:9      | Reached skill level 3 in Shields
  7122 | D:9      | Noticed a two-headed ogre
  7138 | D:9      | Killed a two-headed ogre
  7139 | D:9      | Reached XP level 11. HP: 92/100 MP: 12/23
  7150 | D:9      | Reached skill level 4 in Shields
  7150 | D:9      | Reached *** piety under Cheibriados
  7157 | D:9      | Reached skill level 5 in Air Magic
  7180 | D:9      | Found a flagged portal.
  7198 | Bailey   | Entered a bailey
  7384 | Bailey   | Noticed Prince Ribbit
  7388 | Bailey   | Noticed a vault guard
  7388 | Bailey   | Killed Prince Ribbit
  7406 | Bailey   | Killed a vault guard
  7407 | Bailey   | Reached skill level 5 in Shields
  7445 | Bailey   | Noticed a vault guard
  7460 | Bailey   | Killed a vault guard
  7460 | Bailey   | Reached **** piety under Cheibriados
  7461 | Bailey   | Reached skill level 5 in Ice Magic
  7740 | D:9      | Found Apleavuw's Jewellery Emporium.
  7932 | D:9      | Noticed Erica
  7953 | D:9      | Killed Erica
  7993 | D:9      | Reached skill level 6 in Shields
  8004 | D:9      | Found a sacrificial altar of Ru.
  8014 | D:9      | Found a broken altar of Ashenzari.
  8030 | D:9      | Reached ***** piety under Cheibriados
  8052 | D:9      | Reached XP level 12. HP: 98/112 MP: 21/24
  8063 | D:9      | Found a runed translucent door.
  8075 | D:9      | Found an iron altar of Okawaru.
  8215 | D:9      | Found a hide-covered altar of Uskayaw.
  8241 | D:9      | Reached ****** piety under Cheibriados
  8264 | D:9      | Found a white marble altar of Elyvilon.
  8287 | D:9      | Found a hide-covered altar of Uskayaw.
  8292 | D:9      | Reached skill level 7 in Shields
  8362 | D:9      | Identified the +3 dagger "Koxkixef" {freeze, *Slow Int+4}
  8499 | D:5      | Killed ballabu's ghost
  8659 | D:10     | Entered Level 10 of the Dungeon
  9051 | D:10     | Reached skill level 8 in Shields
  9342 | D:6      | Bought Great Wizards, Vol. VII for 330 gold pieces
  9348 | D:6      | Learned a level 5 spell: Yara's Violent Unravelling
  9403 | Lair:1   | Entered Level 1 of the Lair of Beasts
  9414 | Lair:1   | Reached skill level 1 in Hexes
  9525 | Lair:1   | Reached skill level 1 in Invocations
  9745 | Lair:1   | Reached skill level 5 in Invocations
  9773 | Lair:1   | Gained mutation: You can use your snake-like lower body to
                  | constrict enemies. [Naga growth]
  9773 | Lair:1   | Reached XP level 13. HP: 30/122 MP: 17/25
 10753 | Lair:2   | Noticed Harold
 10761 | Lair:2   | Killed Harold
 10762 | Lair:2   | Reached skill level 10 in Fighting
 10762 | Lair:2   | Reached skill level 5 in Alchemy
 10880 | Lair:2   | Reached skill level 1 in Evocations
 11286 | Lair:2   | Noticed Gastronok
 11297 | Lair:2   | Killed Gastronok
 11346 | Lair:2   | Found a hole to the Spider Nest.
 11868 | Lair:3   | Reached skill level 9 in Shields
 12126 | Lair:3   | Reached XP level 14. HP: 121/132 MP: 27/27
 12375 | Lair:3   | Reached skill level 10 in Shields
 12552 | Lair:3   | Reached skill level 10 in Spellcasting
 12572 | Lair:3   | Reached skill level 5 in Hexes
 12931 | Lair:3   | Found a staircase to the Shoals.
 13183 | Lair:3   | Learned a level 5 spell: Lee's Rapid Deconstruction
 13975 | Lair:4   | Found a staircase to the Slime Pits.
 13996 | Lair:4   | Found the +8 longbow "Zephyr" {speed, Dex+3 SInv}
 14196 | Lair:5   | Entered Level 5 of the Lair of Beasts
 14231 | Lair:5   | Reached skill level 1 in Unarmed Combat
 14238 | Lair:5   | Reached skill level 5 in Stealth
 14345 | Lair:5   | Reached skill level 5 in Axes
 14611 | Lair:5   | Learned a level 3 spell: Stone Arrow
 14678 | Lair:5   | Reached skill level 1 in Earth Magic
 14762 | Lair:5   | Reached XP level 15. HP: 111/140 MP: 29/29
 15169 | Lair:5   | Identified the +9 trident of the Known World {drain, Str-3
                  | Int+5 Dex+5}
 15492 | D:10     | Identified the +5 hand axe "Uble" {speed, *Noise Int+3
                  | SInv}
 15650 | D:11     | Reached skill level 5 in Earth Magic
 15801 | D:11     | Noticed Fannar
 15854 | D:11     | Killed Fannar
 15894 | D:11     | Noticed Urug
 15899 | D:11     | Killed Urug
 17320 | D:9      | Bought the ring "Syllozug" {rC+ Slay+5} for 795 gold pieces
 17525 | D:13     | Identified the +0 ring mail of Quiescent the Leaf {*Slow
                  | Will- Regen+ rCorr}
 18127 | D:14     | Found a sparkling altar of Nemelex Xobeh.
 18190 | D:14     | Reached skill level 11 in Shields
 18766 | D:14     | Found a gate to the Vaults.
 18820 | D:15     | Entered Level 15 of the Dungeon
 18840 | D:15     | Noticed Nessos
 18843 | D:15     | Killed Nessos
 18856 | D:15     | Reached XP level 16. HP: 141/150 MP: 6/30
 19078 | D:15     | Noticed Jorgrun
 19189 | D:15     | Killed Jorgrun
 19469 | D:15     | Found a staircase to the Depths.
 19893 | Spider:1 | Entered Level 1 of the Spider Nest
 20016 | Spider:1 | Learned a level 4 spell: Sticky Flame
 20404 | Spider:1 | Reached skill level 12 in Shields
 20506 | Spider:1 | Noticed Kirke
 20516 | Spider:1 | Killed Kirke
 20634 | Spider:1 | Identified the +4 ring mail of the Were-rabbit {MP+9}
 21620 | Spider:2 | Identified the +1 pair of boots "Koosmore" {Fly Will+
                  | Regen+ Int-2}
 21651 | Spider:2 | Reached XP level 17. HP: 114/157 MP: 32/32
 21770 | Spider:2 | Reached skill level 5 in Dodging
 21909 | Spider:2 | Reached skill level 13 in Shields
 22204 | Spider:2 | Noticed Arachne
 22223 | Spider:2 | Killed Arachne
 22334 | Spider:2 | Identified the orb of Vavoniasch {*Rage, rPois rF+++ Will-
                  | Slay-3}
 22429 | Spider:3 | Noticed Agnes
 22435 | Spider:3 | Killed Agnes
 22436 | Spider:3 | Reached skill level 14 in Shields
 23042 | Spider:3 | Reached skill level 15 in Shields
 23044 | Spider:3 | Found a roughly hewn altar of Beogh.
 23146 | Spider:4 | Entered Level 4 of the Spider Nest
 23862 | Spider:4 | Reached XP level 18. HP: 145/165 MP: 26/33
 24387 | Spider:4 | Reached skill level 16 in Shields
 24511 | Spider:4 | Got a gossamer rune of Zot
 24744 | Orc:1    | Entered Level 1 of the Orcish Mines
 24826 | Orc:2    | Entered Level 2 of the Orcish Mines
 24836 | Orc:2    | Found a dark tunnel.
 24846 | Volcano  | Entered a volcano
 25236 | Orc:2    | Found a staircase to the Elven Halls.
 25367 | Orc:2    | Found Noreri Yjats's Armour Shoppe.
 25367 | Orc:2    | Found Kiamed's Jewellery Emporium.
 25367 | Orc:2    | Found Berreo's Distillery.
 25372 | Orc:2    | Found Olilo's Antique Weapon Shoppe.
 25378 | Orc:2    | Bought a potion of heal wounds for 90 gold pieces
 25378 | Orc:2    | Bought a potion of lignification for 54 gold pieces
 25378 | Orc:2    | Bought a potion of magic for 144 gold pieces
 25378 | Orc:2    | Bought a potion of heal wounds for 90 gold pieces
 25378 | Orc:2    | Bought a potion of resistance for 180 gold pieces
 25477 | Orc:1    | Noticed Josephine
 25484 | Orc:1    | Killed Josephine
 26165 | Shoals:1 | Entered Level 1 of the Shoals
 26185 | Shoals:1 | Found a flickering gateway to a bazaar.
 26195 | Bazaar   | Entered a bazaar
 26196 | Bazaar   | Found Peadupsew's Distillery.
 26196 | Bazaar   | Found Daalakku's Magic Scroll Emporium.
 26197 | Bazaar   | Found Bibisotz's Armour Shop.
 26228 | Bazaar   | Found Moticwou's Antique Weapon Boutique.
 26251 | Bazaar   | Bought a scroll of blinking for 90 gold pieces
 26251 | Bazaar   | Bought a scroll of enchant weapon for 90 gold pieces
 26399 | Shoals:1 | Noticed Donald
 26417 | Shoals:1 | Killed Donald
 26856 | Shoals:2 | Found a broken altar of Ashenzari.
 26999 | Shoals:2 | Found a sacrificial altar of Ru.
 27065 | Shoals:2 | Found a stormy altar of Qazlal.
 27670 | Shoals:3 | Reached skill level 1 in Throwing
 27690 | Shoals:3 | Reached XP level 19. HP: 149/171 MP: 35/35
 27975 | Shoals:3 | Noticed Mara
 28146 | Lair:4   | Learned a level 6 spell: Conjure Ball Lightning
 28396 | Shoals:4 | Entered Level 4 of the Shoals
 29164 | Shoals:4 | Identified the +10 hand axe "Vigg" {chaos, Str+2 Int-3
                  | Dex+2 SInv}
 29442 | Shoals:4 | Got a barnacled rune of Zot
 29540 | Shoals:3 | Noticed shorse's illusion
 29542 | Shoals:3 | Killed Mara
 29860 | Elf:1    | Entered Level 1 of the Elven Halls
 29860 | Elf:1    | Found a runed translucent gate.
 29860 | Elf:1    | Found a runed translucent gate.
 29860 | Elf:1    | Found a runed translucent gate.
 29860 | Elf:1    | Found a runed translucent gate.
 29860 | Elf:1    | Found a runed translucent gate.
 29860 | Elf:1    | Found a runed translucent gate.
 29861 | Elf:1    | Found a runed translucent door.
 29877 | Elf:1    | Found a runed translucent door.
 30019 | Elf:1    | Reached skill level 10 in Invocations
 30170 | Elf:1    | Paralysed by an air elemental for 1 turns
 30173 | Elf:1    | Paralysed by an air elemental for 1 turns
 30318 | Elf:1    | Identified a scroll of acquirement
 30319 | Elf:1    | Acquired 964 gold pieces
 30446 | Elf:1    | Reached XP level 20. HP: 152/180 MP: 37/37
 30801 | Elf:2    | Paralysed by an air elemental for 1 turns
 30803 | Elf:2    | Paralysed by an air elemental for 1 turns
 30863 | Elf:2    | Found a shimmering blue altar of Sif Muna.
 30961 | Elf:2    | Found a runed translucent gate.
 30961 | Elf:2    | Found a runed translucent gate.
 30961 | Elf:2    | Found a runed translucent gate.
 31017 | Elf:2    | Paralysed by an air elemental for 1 turns
 31063 | Elf:2    | Found Kivostra's Book Shop.
 31104 | Elf:2    | Learned a level 8 spell: Ignition
 31122 | Elf:2    | Found Akeus's Assorted Antiques.
 31314 | Elf:2    | Found Ochecwur's Antique Weapon Boutique.
 31327 | Elf:2    | Found Equemoti's Jewellery Shop.
 31332 | Elf:2    | Bought the ring of Gebue {rElec rCorr Str+5 Dex-5} for 476
                  | gold pieces
 32137 | Elf:3    | Entered Level 3 of the Elven Halls
 32139 | Elf:3    | Paralysed by an air elemental for 1 turns
 32156 | Elf:3    | Paralysed by an air elemental for 1 turns
 32158 | Elf:3    | Paralysed by an air elemental for 1 turns
 32161 | Elf:3    | Paralysed by an air elemental for 1 turns
 32328 | Elf:3    | Reached skill level 1 in Ranged Weapons
 32944 | Elf:3    | Identified the +0 robe of the Secret Servitors {Fly rC-
                  | Dex-5 Archmagi}
 32956 | Elf:3    | Reached skill level 10 in Fire Magic
 32978 | Elf:3    | Identified the +0 ring mail of Kyebaoqy {rN+ MP+9 Int-4}
 33021 | Elf:3    | Identified the +9 great mace of the Shark {venom, Int+8}
 33035 | Elf:3    | Identified the +6 scimitar of the Dowdy God {elec, rC+
                  | SInv}
 33086 | Elf:3    | Identified the +3 mace "Gacluech" {heavy, Int+2 SInv
                  | Stlth+}
 33181 | Elf:3    | Got Ziruozes's Book of Skeletons
 33217 | Elf:3    | Identified the +4 flail of Molemica {drain, rCorr Str+6}
 33390 | Elf:2    | Bought a shimmering kite shield for 294 gold pieces
 33390 | Elf:2    | Identified the +1 kite shield of the Shore {rC+ rCorr} (You
                  | bought it in a shop on level 2 of the Elven Halls)
 33613 | Depths:1 | Entered Level 1 of the Depths
 33613 | Depths:1 | Found a hide-covered altar of Uskayaw.
 33632 | Depths:1 | Reached XP level 21. HP: 164/187 MP: 39/39
 33678 | Depths:1 | Found Nitri Higha's Tiny Tomes.
 33758 | Depths:1 | Noticed Nikola
 33777 | Depths:1 | Killed Nikola
 34097 | Depths:1 | Found a gateway to Hell.
 34142 | Depths:1 | Found a radiant altar of Vehumet.
 34298 | Depths:1 | Found a large runed translucent door.
 34300 | Depths:1 | Found a large runed translucent door.
 34300 | Depths:1 | Noticed a golden dragon
 34302 | Depths:1 | Found a large runed translucent door.
 34303 | Depths:1 | Found a large runed translucent door.
 34364 | Depths:1 | Found a large runed translucent door.
 34475 | Depths:1 | Noticed a caustic shrike
 34643 | Depths:1 | Found a large runed translucent door.
 34644 | Depths:1 | Found a large runed translucent door.
 34750 | Depths:1 | Found a large runed translucent door.
 35321 | Orc:2    | Bought the death talisman of the Furrier {rF+} for 2471
                  | gold pieces
 35577 | Depths:2 | Found a one-way gate leading to the halls of Pandemonium.
 35816 | Depths:2 | Noticed a juggernaut
 36643 | Depths:2 | Identified the +9 short sword of Terror {spect, *Rage rPois
                  | SInv Stlth+}
 36758 | Depths:2 | Found a portal to a secret trove of treasure.
 37213 | Depths:2 | Noticed a caustic shrike
 37227 | Depths:2 | Killed a caustic shrike
 37292 | Depths:2 | Reached skill level 15 in Fire Magic
 37318 | Depths:2 | Identified the +5 tower shield of Tejil {Rampage rPois rN+
                  | Int+3}
 37339 | Depths:2 | Noticed a juggernaut
 37432 | Depths:2 | Killed a juggernaut
 37580 | Depths:2 | Killed a juggernaut
 37807 | Depths:3 | Reached skill level 17 in Shields
 37816 | Depths:4 | Entered Level 4 of the Depths
 38051 | Depths:3 | Reached XP level 22. HP: 195/195 MP: 29/40
 38683 | Depths:3 | Reached skill level 18 in Shields
 38753 | Depths:3 | Noticed a golden dragon
 38754 | Depths:3 | Noticed a juggernaut
 38757 | Depths:3 | Noticed a golden dragon
 38800 | Depths:3 | Noticed a golden dragon
 39021 | Depths:3 | Killed a golden dragon
 39186 | Depths:3 | Killed a golden dragon
 39360 | Depths:3 | Noticed a caustic shrike
 39409 | Depths:3 | Killed a golden dragon
 39450 | Depths:3 | Killed a juggernaut
 39557 | Depths:3 | Paralysed by a sphinx for 3 turns
 39566 | Depths:3 | Identified the amulet of Rielu {Acrobat Dex+6}
 39567 | Depths:3 | Noticed a dread lich
 39743 | Depths:3 | Killed a caustic shrike
 39798 | Depths:3 | Acquired the +10 tower shield of Ignorance {rN+ Int-4}
 39798 | Depths:3 | Found the +10 tower shield of Ignorance {rN+ Int-4}
 39828 | Depths:3 | Killed a dread lich
 39850 | Depths:3 | Acquired a manual of Air Magic
 39920 | Depths:3 | Identified the +8 quarterstaff "Geneoclat" {freeze, rPois}
 39934 | Depths:3 | Found a one-way gateway to a ziggurat.
 40008 | Depths:3 | Found the +8 autumn katana {manifold assault}
 40050 | Depths:3 | Identified the +1 plate armour of Ekathim {+Inv Regen+
                  | Str+3 SInv}
 40202 | Depths:2 | You paid a toll of +4 ice dragon scales to enter a treasure
                  | trove
 40203 | Trove    | Entered a treasure trove
 40208 | Trove    | Found the +5 scythe "Finisher" {speed, execute}
 40212 | Trove    | Identified the ring "Caumnuv" {rPois rF+ Str+4 Dex+6}
 40379 | Depths:4 | Noticed a golden dragon
 40380 | Depths:4 | Found a gate to the Realm of Zot.
 40392 | Depths:4 | Killed a golden dragon
 40550 | Depths:4 | Found a shimmering blue altar of Sif Muna.
 40558 | Depths:4 | Got Sif Muna's Collected Works on Sidekicks
 40561 | Depths:4 | Got Sif Muna's Opusculum on Ouranomancy
 40804 | Depths:4 | Noticed a golden dragon
 40819 | Depths:4 | Killed a golden dragon
 40820 | Depths:4 | Reached XP level 23. HP: 83/202 MP: 38/41
 40945 | Depths:4 | Noticed the Enchantress
 40949 | Depths:4 | Killed the Enchantress
 41169 | Depths:4 | Reached skill level 19 in Shields
 41577 | Vaults:1 | Entered Level 1 of the Vaults
 41618 | Vaults:1 | Found Kotoucod's Magic Scroll Boutique.
 41672 | Vaults:1 | Found Fuah's Weapon Emporium.
 41720 | Vaults:1 | Found a flickering gateway to a bazaar.
 41735 | Bazaar   | Entered a bazaar
 41749 | Bazaar   | Found Munkum's Book Emporium.
 41771 | Bazaar   | Found Roacy's Armour Emporium.
 41787 | Bazaar   | Found Elotty's Assorted Antiques.
 41787 | Bazaar   | Found Tekilo's Antique Armour Emporium.
 41828 | Bazaar   | Bought a glowing hat for 154 gold pieces
 41828 | Bazaar   | Bought a runed helmet for 165 gold pieces
 41836 | Bazaar   | Bought a scroll of immolation for 76 gold pieces
 41862 | Bazaar   | Bought a Young Poisoner's Handbook for 200 gold pieces
 41867 | Bazaar   | Learned a level 4 spell: Olgreb's Toxic Radiance
 42527 | Vaults:1 | Bought 2 scrolls of blinking for 240 gold pieces
 43401 | Vaults:2 | Found Ramipt's General Store.
 43423 | Vaults:2 | Bought a scroll of teleportation for 66 gold pieces
 43753 | Vaults:2 | Found Jiug's Armour Shop.
 43795 | Vaults:2 | Reached skill level 20 in Shields
 43827 | Vaults:2 | Found Utrag's Distillery.
 43839 | Vaults:2 | Reached skill level 15 in Spellcasting
 43856 | Vaults:2 | Bought 2 potions of curing for 66 gold pieces
 43856 | Vaults:2 | Bought a potion of heal wounds for 55 gold pieces
 43856 | Vaults:2 | Bought a potion of enlightenment for 55 gold pieces
 43856 | Vaults:2 | Bought a potion of lignification for 33 gold pieces
 43856 | Vaults:2 | Bought a potion of curing for 33 gold pieces
 43856 | Vaults:2 | Bought a potion of enlightenment for 55 gold pieces
 43856 | Vaults:2 | Bought a potion of enlightenment for 55 gold pieces
 44128 | Vaults:2 | Found Dounuv's Antique Weapon Shoppe.
 44148 | Vaults:2 | Found Ciowin's Book Shop.
 44372 | Vaults:3 | Learned a level 6 spell: Bombard
 45100 | Vaults:3 | Reached XP level 24. HP: 211/211 MP: 42/42
 45305 | Vaults:3 | Found a staircase to the Crypt.
 45348 | Vaults:4 | Identified the +7 great mace of Jaoraruf {venom, rC+
                  | Stlth+}
 45398 | Vaults:4 | Found a magical portal.
 45403 | WizLab   | Entered Eringya's Formal Garden
 45737 | WizLab   | Reached skill level 1 in Shapeshifting
 45842 | WizLab   | Found a blossoming altar of Fedhas.
 46315 | Vaults:4 | Reached skill level 5 in Shapeshifting
 47143 | Crypt:1  | Entered Level 1 of the Crypt
 47286 | Crypt:1  | Reached skill level 10 in Shapeshifting
 47580 | Crypt:1  | Identified the +2 robe of Noughts and Crosses {Str+3
                  | Archmagi}
 47580 | Crypt:1  | Noticed Boris
 47592 | Crypt:1  | Killed Boris
 47945 | Crypt:2  | Reached XP level 25. HP: 218/220 MP: 42/42
 48053 | Crypt:2  | Noticed Vv
 48510 | Crypt:2  | Killed Vv
 48622 | Crypt:2  | Identified the staff of the New World {rElec rC++ Will-
                  | Conj}
 48718 | Crypt:3  | Entered Level 3 of the Crypt
 48864 | Crypt:3  | Noticed Sojobo
 48894 | Crypt:3  | Killed Sojobo
 48900 | Crypt:3  | Killed the ghostly Sojobo
 49109 | Crypt:3  | Found a staircase to the Tomb.
 49406 | Crypt:3  | Found a runed translucent gate.
 49406 | Crypt:3  | Found a runed translucent gate.
 49406 | Crypt:3  | Found a runed translucent gate.
 49407 | Crypt:3  | Noticed Xusoh's ghost (veteran GrEE)
 49409 | Crypt:3  | Noticed Fytwut's ghost (legendary GrBe)
 49409 | Crypt:3  | Noticed Juymismo's ghost (legendary GrBe)
 49646 | Vaults:2 | Bought a book of Touch for 506 gold pieces
 49651 | Vaults:2 | Learned a level 4 spell: Dispel Undead
 49923 | Crypt:3  | Reached skill level 1 in Necromancy
 50066 | Crypt:3  | Found the +9 sword of Zonguldrok {reap}
 50274 | Crypt:3  | Noticed a dread lich
 50317 | Crypt:3  | Noticed a dread lich
 50406 | Crypt:3  | Killed a dread lich
 50551 | Crypt:3  | Killed a dread lich
 50555 | Crypt:3  | Identified the ring of Isuamp {rN++ Str+2 Int+5 SInv}
 50555 | Crypt:3  | Identified the ring of Xom's Full Attention {rF+ rN++
                  | Slay+4}
 50567 | Crypt:3  | Identified the +4 battleaxe of Gunirumoa {protect, Int+4}
 50728 | Crypt:3  | Killed Fytwut's ghost
 50783 | Crypt:3  | Killed Xusoh's ghost
 50830 | Crypt:3  | Identified the +0 hat of Impish Wonder {rCorr Str+3}
 50867 | Crypt:3  | Killed Juymismo's ghost
 51000 | Vaults:5 | Entered Level 5 of the Vaults
 51231 | Vaults:4 | Reached skill level 15 in Shapeshifting
 51399 | Vaults:5 | Reached XP level 26. HP: 229/229 MP: 34/42
 51639 | Vaults:5 | Identified the +0 robe "Poifoireg" {^Contam Harm Regen+
                  | SInv}
 51903 | Vaults:5 | Identified the +1 arbalest of Eternal Vigilance {antimagic,
                  | rF++ rN+ Str-4 SInv}
 52408 | Vaults:5 | Got the Elucidation of Momentum and Conflagration
 52554 | Vaults:5 | Got a silver rune of Zot
 52843 | Tomb:1   | Entered Level 1 of the Tomb of the Ancients
 53794 | Zot:1    | Entered Level 1 of the Realm of Zot
 54903 | Zot:2    | Reached XP level 27. HP: 123/236 MP: 28/42
 55297 | Zot:2    | Gained mutation: Your spells are a little easier to cast,
                  | but a little less powerful. [mutagenic glow]
 55304 | Zot:2    | Lost mutation: Your spells are a little easier to cast, but
                  | a little less powerful. [potion of mutation]
 55304 | Zot:2    | Gained mutation: You occasionally lose the ability to drink
                  | potions when taking damage. [potion of mutation]
 55304 | Zot:2    | Gained mutation: You are robust. (+10% HP) [potion of
                  | mutation]
 56476 | Zot:3    | Found a large runed translucent door.
 56476 | Zot:3    | Found a large runed translucent door.
 56478 | Zot:3    | Noticed Ganeol's ghost (legendary MiBe)
 56496 | Zot:3    | Killed Ganeol's ghost
 56901 | Zot:3    | Identified the +2 scale mail of a treasure trove {rC+ rN+
                  | Str+3}
 57719 | Zot:4    | Noticed an orb of fire
 58242 | Slime:1  | Entered Level 1 of the Pits of Slime
 58515 | Slime:2  | Noticed Dissolution
 58525 | Slime:2  | Killed Dissolution
 60012 | Slime:5  | Entered Level 5 of the Pits of Slime
 60041 | Slime:5  | Noticed the Royal Jelly
 60057 | Slime:5  | Reached skill level 15 in Fighting
 60144 | Slime:5  | Reached skill level 10 in Axes
 60236 | Slime:5  | Killed the Royal Jelly
 60480 | Slime:5  | Got a slimy rune of Zot
 60482 | Slime:5  | Got the Parchment of the Glacier
 60487 | Slime:5  | Identified the ring of Hovy {Fly rC- rN+++ rCorr MP-9}
 60523 | Slime:5  | Identified the ring of Waorchug {EV+5 Str+2}
 60546 | Slime:5  | Identified the +0 ring mail of Pantheism {rPois Dex+2}
 60547 | Slime:5  | Identified the amulet "Xalec" {Acrobat Will++ Str+3}
 60550 | Slime:5  | Identified the +8 arbalest of the Sun {flame, rCorr}
 60561 | Slime:5  | Identified the +1 orcbow of Chance {flame, rElec rC+ rCorr
                  | Str-4}
 60563 | Slime:5  | Identified the amulet of Olae {Acrobat Regen+ Str+4}
 60573 | Slime:5  | Identified the ring "Epoig" {MP+9 Stlth+}
 61656 | Tomb:1   | Noticed a royal mummy
 61662 | Tomb:1   | Noticed a royal mummy
 61669 | Tomb:1   | Killed a royal mummy
 61669 | Tomb:1   | Killed a royal mummy
 61923 | Tomb:1   | Learned a level 4 spell: Passage of Golubria
 62145 | Tomb:2   | Noticed a royal mummy
 62145 | Tomb:2   | Noticed a royal mummy
 62146 | Tomb:2   | Noticed a royal mummy
 62146 | Tomb:2   | Noticed a royal mummy
 62147 | Tomb:2   | Noticed a royal mummy
 62160 | Tomb:2   | Killed a royal mummy
 62170 | Tomb:2   | Killed a royal mummy
 62173 | Tomb:2   | Killed a royal mummy
 62178 | Tomb:2   | Killed a royal mummy
 62258 | Tomb:2   | Killed a royal mummy
 62287 | Tomb:2   | Identified the +3 triple sword "Undertaker" {flame, rElec
                  | rF+ Dex-4}
 62519 | Tomb:1   | Noticed a royal mummy
 62520 | Tomb:1   | Noticed a royal mummy
 62523 | Tomb:1   | Noticed a royal mummy
 62524 | Tomb:1   | Noticed a royal mummy
 62526 | Tomb:1   | Killed a royal mummy
 62527 | Tomb:1   | Reached skill level 10 in Conjurations
 62528 | Tomb:1   | Killed a royal mummy
 62529 | Tomb:1   | Reached skill level 5 in Evocations
 62529 | Tomb:1   | Noticed a royal mummy
 62531 | Tomb:1   | Killed a royal mummy
 62539 | Tomb:1   | Noticed a royal mummy
 62543 | Tomb:1   | Killed a royal mummy
 62545 | Tomb:1   | Killed a royal mummy
 62548 | Tomb:1   | Killed a royal mummy
 62549 | Tomb:1   | Reached skill level 5 in Armour
 62581 | Tomb:1   | Noticed a royal mummy
 62587 | Tomb:1   | Killed a royal mummy
 62603 | Tomb:1   | Noticed a royal mummy
 62608 | Tomb:1   | Killed a royal mummy
 62615 | Tomb:1   | Noticed a royal mummy
 62618 | Tomb:1   | Noticed a royal mummy
 62623 | Tomb:1   | Killed a royal mummy
 62627 | Tomb:1   | Killed a royal mummy
 62652 | Tomb:1   | Noticed a royal mummy
 62653 | Tomb:1   | Noticed a royal mummy
 62654 | Tomb:1   | Noticed a royal mummy
 62656 | Tomb:1   | Killed a royal mummy
 62659 | Tomb:1   | Killed a royal mummy
 62661 | Tomb:1   | Killed a royal mummy
 62670 | Tomb:1   | Noticed a royal mummy
 62676 | Tomb:1   | Killed a royal mummy
 62677 | Tomb:1   | Noticed a royal mummy
 62683 | Tomb:1   | Killed a royal mummy
 62684 | Tomb:1   | Reached skill level 10 in Stealth
 62689 | Tomb:1   | Noticed a royal mummy
 62691 | Tomb:1   | Noticed a royal mummy
 62694 | Tomb:1   | Noticed a royal mummy
 62694 | Tomb:1   | Killed a royal mummy
 62695 | Tomb:1   | Noticed a royal mummy
 62698 | Tomb:1   | Killed a royal mummy
 62701 | Tomb:1   | Killed a royal mummy
 62702 | Tomb:1   | Killed a royal mummy
 62757 | Tomb:2   | Reached skill level 10 in Earth Magic
 62839 | Tomb:3   | Entered Level 3 of the Tomb of the Ancients
 62847 | Tomb:3   | Noticed a royal mummy
 62903 | Tomb:3   | Noticed a royal mummy
 62903 | Tomb:3   | Noticed a royal mummy
 62910 | Tomb:3   | Killed a royal mummy
 62910 | Tomb:3   | Killed a royal mummy
 62912 | Tomb:3   | Killed a royal mummy
 62912 | Tomb:3   | Noticed a royal mummy
 62987 | Tomb:3   | Noticed a royal mummy
 62988 | Tomb:3   | Killed a royal mummy
 62990 | Tomb:3   | Noticed a royal mummy
 63000 | Tomb:3   | Noticed a royal mummy
 63013 | Tomb:3   | Identified the staff of the Protecting Seeker {Int+3 Dex+3
                  | Conj}
 63020 | Tomb:3   | Identified the ring "Adetes" {Fly rC+ EV+5 Int-2 Dex+2}
 63034 | Tomb:3   | Identified the +7 long sword of Oppak {drain, rPois}
 63052 | Tomb:3   | Identified the staff "Asadum" {rF- Dex+5 Earth}
 63053 | Tomb:3   | Identified the amulet "Niczacuw" {Faith Will+}
 63061 | Tomb:3   | Identified the +4 great sword "Sayz Ymy" {freeze, rPois
                  | Str+2}
 63063 | Tomb:3   | Got the Notes on Ill-starred Black Words
 63065 | Tomb:3   | Identified the +4 quarterstaff "Qoiguyt" {elec, rPois Will-
                  | Str+4 Int+3}
 63088 | Tomb:3   | Got the Precepts of Posthumous Points
 63092 | Tomb:3   | Learned a level 2 spell: Lesser Beckoning
 63260 | Tomb:3   | Killed a royal mummy
 63349 | Tomb:3   | Killed a royal mummy
 63350 | Tomb:3   | Noticed a royal mummy
 63354 | Tomb:3   | Noticed a royal mummy
 63355 | Tomb:3   | Killed a royal mummy
 63360 | Tomb:3   | Killed a royal mummy
 63361 | Tomb:3   | Reached skill level 21 in Shields
 63363 | Tomb:3   | Killed a royal mummy
 63456 | Tomb:3   | Got a golden rune of Zot
 63677 | Tomb:1   | Learned a level 7 spell: Spellforged Servitor
 64175 | Depths:3 | Voluntarily entered the Abyss.
 64197 | Abyss:2  | Found a corrupted altar of Lugonu.
 64644 | Abyss:4  | Found a corrupted altar of Lugonu.
 64646 | Abyss:4  | Found a corrupted altar of Lugonu.
 64706 | Abyss:4  | Found a corrupted altar of Lugonu.
 64718 | Abyss:4  | Got an abyssal rune of Zot
 64790 | Depths:3 | Escaped the Abyss
 64806 | Hell     | Entered the Vestibule of Hell
 64806 | Hell     | Noticed Geryon
 64806 | Hell     | Found a gateway to the freezing wastes of Cocytus.
 64811 | Hell     | Noticed Murray
 64874 | Depths:3 | Killed Murray
 65012 | Hell     | Killed Geryon
 65069 | Hell     | Found a gateway to the ashen valley of Gehenna.
 65075 | Hell     | Reached skill level 5 in Summonings
 65163 | Hell     | Found a gateway to the decaying netherworld of Tartarus.
 65307 | Hell     | Found a gateway to the Iron City of Dis.
 65470 | Depths:1 | Bought Asmodeus's Handbook of Blasts for 400 gold pieces
 65547 | Coc:1    | Entered Level 1 of Cocytus
 66039 | Coc:3    | Paralysed by a wendigo for 1 turns
 66041 | Coc:3    | Paralysed by a wendigo for 1 turns
 66455 | Coc:5    | Paralysed by a wendigo for 1 turns
 66472 | Coc:5    | Paralysed by a wendigo for 1 turns
 66497 | Coc:5    | Reached skill level 15 in Axes
 67031 | Coc:7    | Entered Level 7 of Cocytus
 67125 | Coc:7    | Paralysed by a wendigo for 1 turns
 67180 | Coc:7    | Paralysed by a wendigo for 1 turns
 67656 | Coc:7    | Reached skill level 22 in Shields
 67897 | Coc:7    | Noticed Antaeus
 67898 | Coc:7    | Identified the +6 spear of the Red God {freeze, Str+2}
 67898 | Coc:7    | Found the +8 demon blade "Leech" {evervamp, Harm ^Drain
                  | rN+}
 68056 | Coc:7    | Killed Antaeus
 68070 | Coc:7    | Got an icy rune of Zot
 68073 | Coc:7    | Identified the +1 plate armour of Restlessness {Dex+5}
 68075 | Coc:7    | Got Funyng's Encyclopedia of Pyromania and Illusion
 68078 | Coc:7    | Identified the +0 pair of gloves of the Wasteland {rF++ rC+
                  | Int-3}
 68239 | Geh:1    | Entered Level 1 of Gehenna
 69283 | Geh:5    | Reached skill level 10 in Dodging
 69653 | Geh:7    | Entered Level 7 of Gehenna
 70194 | Geh:7    | Noticed the Serpent of Hell
 70210 | Geh:7    | Killed the Serpent of Hell
 70213 | Geh:7    | Identified the +7 glaive of Uskayaw {antimagic, ^Fragile
                  | rCorr Int-3 Stlth+}
 70213 | Geh:7    | Identified the +0 robe "Hero's Friend" {MP+9 Str+3 Int+5}
 70587 | Geh:7    | Found the +13 sceptre of Asmodeus
 70587 | Geh:7    | Noticed Asmodeus
 70700 | Geh:7    | Killed Asmodeus
 70708 | Geh:7    | Got an obsidian rune of Zot
 71113 | Dis:1    | Entered Level 1 of the Iron City of Dis
 71156 | Dis:1    | Found a huge runed translucent gate.
 71156 | Dis:1    | Found a huge runed translucent gate.
 71156 | Dis:1    | Found a huge runed translucent gate.
 71157 | Dis:1    | Found a huge runed translucent gate.
 71157 | Dis:1    | Found a huge runed translucent gate.
 71157 | Dis:1    | Found a huge runed translucent gate.
 71158 | Dis:1    | Found a huge runed translucent gate.
 71206 | Dis:1    | Found a huge runed translucent gate.
 71206 | Dis:1    | Found a huge runed translucent gate.
 71206 | Dis:1    | Found a huge runed translucent gate.
 71207 | Dis:1    | Found a huge runed translucent gate.
 71208 | Dis:1    | Found a huge runed translucent gate.
 71209 | Dis:1    | Found a huge runed translucent gate.
 71209 | Dis:1    | Found a huge runed translucent gate.
 71209 | Dis:1    | Found a huge runed translucent gate.
 71209 | Dis:1    | Found a huge runed translucent gate.
 71211 | Dis:1    | Found a huge runed translucent gate.
 71212 | Dis:1    | Found a huge runed translucent gate.
 71213 | Dis:1    | Found a huge runed translucent gate.
 71214 | Dis:1    | Found a huge runed translucent gate.
 71214 | Dis:1    | Found a huge runed translucent gate.
 71214 | Dis:1    | Found a huge runed translucent gate.
 71214 | Dis:1    | Found a huge runed translucent gate.
 71214 | Dis:1    | Found a huge runed translucent gate.
 71221 | Dis:1    | Found a huge runed translucent gate.
 71222 | Dis:1    | Found a huge runed translucent gate.
 71223 | Dis:1    | Found a huge runed translucent gate.
 71224 | Dis:1    | Found a huge runed translucent gate.
 71225 | Dis:1    | Found a huge runed translucent gate.
 71225 | Dis:1    | Found a huge runed translucent gate.
 71225 | Dis:1    | Found a huge runed translucent gate.
 71225 | Dis:1    | Found a huge runed translucent gate.
 71225 | Dis:1    | Found a huge runed translucent gate.
 71225 | Dis:1    | Found a huge runed translucent gate.
 71225 | Dis:1    | Found a huge runed translucent gate.
 71233 | Dis:1    | Found a huge runed translucent gate.
 71373 | Tar:1    | Entered Level 1 of Tartarus
 71504 | Tar:1    | You fall into a shaft and drop 1 floor!
 71805 | Tar:3    | Reached skill level 10 in Armour
 72160 | Tar:5    | Reached skill level 10 in Summonings
 72692 | Tar:7    | Entered Level 7 of Tartarus
 72976 | Tar:7    | Noticed Ereshkigal
 72981 | Zig:1    | Entered Level 1 of a ziggurat
 72994 | Zig:2    | Entered Level 2 of a ziggurat
 73010 | Zig:3    | Entered Level 3 of a ziggurat
 73033 | Zig:4    | Entered Level 4 of a ziggurat
 73033 | Zig:4    | Found the +9 staff of Olgreb {rPois∞}
 73061 | Zig:5    | Entered Level 5 of a ziggurat
 73082 | Zig:5    | Identified the ring "Otaogut" {rElec rPois rF+ rC+ EV+5
                  | Int+2}
 73087 | Zig:5    | Got Sif Muna's Discursus on Feathery Hypothermia
 73095 | Zig:6    | Entered Level 6 of a ziggurat
 73105 | Zig:6    | Identified the ring "Oggohuiwk" {rPois rF+ MP+9 Dex+3}
 73129 | Zig:7    | Entered Level 7 of a ziggurat
 73174 | Zig:8    | Entered Level 8 of a ziggurat
 73238 | Zig:9    | Entered Level 9 of a ziggurat
 73268 | Zig:9    | Identified the +2 pair of boots of Foolhardiness {rF++ rC+
                  | Str-4}
 73310 | Zig:10   | Entered Level 10 of a ziggurat
 73331 | Zig:10   | Got the Monograph on the Excruciating Birds
 73384 | Zig:11   | Entered Level 11 of a ziggurat
 73390 | Zig:11   | Reached skill level 10 in Air Magic
 73452 | Zig:11   | Identified the staff of Turmoil {rC+ rN+ rCorr Conj}
 73601 | Tar:7    | Identified the ring of Curiosity {rPois rCorr MP+9}
 73998 | Tar:7    | Identified the staff of True Grit {^Fragile rC++ Dex+3 Conj
                  | Hexes}
 74493 | Tar:7    | Reached skill level 15 in Air Magic
 74651 | Tar:7    | Identified the +7 great sword "Unkexzes" {freeze, rF+
                  | Will+}
 74662 | Tar:7    | Identified the ring "Setom" {rF+ Str-2 Int+6 Dex-3 Slay+2
                  | SInv}
 74726 | Tar:7    | Identified the +8 plate armour of Kayt {Rampage rCorr SInv}
 74909 | Tar:7    | Found the +8 lance "Wyrmbane" {slay drac, rPois rF+ rC+
                  | AC+3}
 75870 | Tar:7    | Killed Ereshkigal
 75963 | Tar:7    | Got a bone rune of Zot
 76342 | Zig:1    | Entered Level 1 of a ziggurat
 76357 | Zig:1    | Identified the +9 plate armour of Resonance {rElec Int+5}
 76362 | Zig:2    | Entered Level 2 of a ziggurat
 76391 | Zig:3    | Entered Level 3 of a ziggurat
 76402 | Zig:3    | Identified the +1 leather armour of Inaction {Will+ Dex+5}
 76415 | Zig:4    | Entered Level 4 of a ziggurat
 76438 | Zig:4    | Acquired 1036 gold pieces
 76441 | Zig:5    | Entered Level 5 of a ziggurat
 76461 | Zig:5    | Identified the staff of Wonderful Purpose {rF+ Str+2 Dex+2
                  | Hexes Earth}
 76477 | Zig:6    | Entered Level 6 of a ziggurat
 76511 | Zig:6    | Identified the +1 shortbow of Skirmishing {drain, rC+
                  | Dex+2}
 76515 | Zig:7    | Entered Level 7 of a ziggurat
 76541 | Zig:7    | Identified the ring of Wisdom {EV+5 Int+3}
 76546 | Zig:7    | Identified the +3 shortbow of Obiter Dictum {elec, rF+}
 76575 | Zig:8    | Entered Level 8 of a ziggurat
 76580 | Zig:8    | Found the +8 demon trident "Rift" {distort, reach+}
 76594 | Zig:8    | Identified the +0 plate armour of Ereuvi Fiwu {Fly Int+4}
 76607 | Zig:8    | Identified the staff "Ycufimas" {Fly rPois rF+ Int+2 Stlth+
                  | Fire}
 76618 | Zig:9    | Entered Level 9 of a ziggurat
 76625 | Zig:9    | Noticed a dread lich
 76632 | Zig:9    | Killed a dread lich
 76644 | Zig:9    | Identified the staff of Doors {rCorr Conj}
 76646 | Zig:9    | Identified the staff of Qaotyhep {rElec rPois rC+ Conj}
 76668 | Zig:10   | Entered Level 10 of a ziggurat
 76672 | Zig:10   | Noticed a dread lich
 76679 | Zig:10   | Noticed an ancient lich
 76681 | Zig:10   | Reached skill level 15 in Conjurations
 76682 | Zig:10   | Killed a dread lich
 76687 | Zig:10   | Killed an ancient lich
 76716 | Zig:10   | Identified the death talisman "Luchab" {rF+}
 76824 | Pan      | Entered Pandemonium
 77010 | Pan      | Noticed Hucoyd the pandemonium lord
 77020 | Pan      | Killed Hucoyd the pandemonium lord
 77230 | Pan      | Found a transporter.
 77272 | Pan      | Found a transporter.
 77393 | Pan      | Found an exit through the horrors of the Abyss.
 77536 | Pan      | Noticed Mennas
 77548 | Pan      | Killed Mennas
 77579 | Pan      | Learned a level 9 spell: Chain Lightning
 77651 | Pan      | Noticed Utoeqote the pandemonium lord
 77664 | Pan      | Killed Utoeqote the pandemonium lord
 77766 | Pan      | Noticed Ignacio
 77776 | Pan      | Killed Ignacio
 77936 | Pan      | Noticed Huuf the pandemonium lord
 77943 | Pan      | Killed Huuf the pandemonium lord
 78097 | Pan      | Noticed Settoved the pandemonium lord
 78111 | Pan      | Killed Settoved the pandemonium lord
 78372 | Pan      | Noticed Muzyzisa the pandemonium lord
 78581 | Pan      | Noticed Adycobri the pandemonium lord
 78589 | Pan      | Killed Adycobri the pandemonium lord
 78600 | Pan      | Got a demonic rune of Zot
 78610 | Pan      | Entered the realm of Lom Lobon.
 78640 | Pan      | Found an exit through the horrors of the Abyss.
 78762 | Pan      | Noticed Lom Lobon
 78833 | Pan      | Killed Lom Lobon
 78885 | Pan      | Got a magical rune of Zot
 79150 | Pan      | Entered the realm of Cerebov.
 79270 | Pan      | Identified the amulet "Refor" {rPois Regen+ MP+9 Str+6}
 79277 | Pan      | Identified the ring "Rockux" {rF+ Will- MP+9 Str+5 Int+2}
 79584 | Pan      | Identified the +4 sling of Accord {drain, ^Fragile Will+
                  | Dex+4 Stlth+}
 79699 | Pan      | Found the +6 sword of Cerebov {flame}
 79699 | Pan      | Noticed Cerebov
 79720 | Pan      | Killed Cerebov
 79767 | Pan      | Identified the +4 morningstar "Eronysi" {venom, rN+ Dex+2
                  | Stlth+}
 79794 | Pan      | Got a fiery rune of Zot
 80038 | Pan      | Noticed Falo the pandemonium lord
 80048 | Pan      | Killed Falo the pandemonium lord
 80144 | Pan      | Noticed Ximo the pandemonium lord
 80181 | Pan      | Killed Ximo the pandemonium lord
 80548 | Pan      | Noticed Cyhumott the pandemonium lord
 80563 | Pan      | Killed Cyhumott the pandemonium lord
 80608 | Pan      | Found a huge runed translucent gate.
 80611 | Pan      | Found a huge runed translucent gate.
 80613 | Pan      | Found a huge runed translucent gate.
 80614 | Pan      | Found a huge runed translucent gate.
 80615 | Pan      | Found a huge runed translucent gate.
 80616 | Pan      | Found a huge runed translucent gate.
 80617 | Pan      | Found a huge runed translucent gate.
 80620 | Pan      | Noticed Loocyem the pandemonium lord
 80631 | Pan      | Killed Loocyem the pandemonium lord
 80656 | Pan      | Entered the realm of Gloorx Vloq.
 80778 | Pan      | Noticed Gloorx Vloq
 80802 | Pan      | Killed Gloorx Vloq
 80819 | Pan      | Got a dark rune of Zot
 81180 | Pan      | Identified the +5 tower shield of the Tormentor {-Tele
                  | Rampage rElec Dex+2}
 81242 | Pan      | Entered the realm of Mnoleg.
 81434 | Pan      | Noticed Mnoleg
 81453 | Pan      | Killed Mnoleg
 81491 | Pan      | Got a glowing rune of Zot
 81515 | Pan      | Found an exit through the horrors of the Abyss.
 81521 | Pan      | Took an exit into the Abyss.
 81521 | Abyss:4  | Escaped into the Abyss
 81533 | Depths:2 | Escaped the Abyss
 82728 | Dis:7    | Entered Level 7 of the Iron City of Dis
 83250 | Dis:7    | Noticed a dread lich
 83258 | Dis:7    | Killed a dread lich
 83291 | Dis:7    | Reached skill level 23 in Shields
 84558 | Dis:7    | Identified the +4 quarterstaff "Riggusk" {venom, rF+}
 84559 | Dis:7    | Identified the staff of Wondrous Power {rElec rC+ rCorr
                  | Stlth- Fire Ice}
 84663 | Dis:7    | Noticed Dispater
 84677 | Dis:7    | Killed Dispater
 84721 | Dis:7    | Got an iron rune of Zot
 85097 | Zot:4    | Killed an orb of fire
 85098 | Zot:4    | Reached skill level 15 in Stealth
 86226 | Zot:5    | Entered Level 5 of the Realm of Zot
 86263 | Zot:5    | Identified the +5 hand axe "Naga's Peril" {venom, +Blink
                  | Dex+3}
 86801 | Zot:5    | Paralysed by a Zot trap for 4 turns
 86802 | Zot:5    | Noticed an orb of fire
 86808 | Zot:5    | Killed an orb of fire
 86936 | Zot:5    | Noticed an orb of fire
 86945 | Zot:5    | Killed an orb of fire
 86973 | Zot:5    | Reached skill level 24 in Shields
 87028 | Zot:5    | Noticed a dread lich
 87037 | Zot:5    | Killed a dread lich
 87303 | Zot:5    | Noticed an orb of fire
 87304 | Zot:5    | Noticed a dread lich
 87307 | Zot:5    | Killed an orb of fire
 87312 | Zot:5    | Killed a dread lich
 87449 | Zot:5    | Got the Orb of Zot
 87555 | Zot:4    | Noticed Futwyq the pandemonium lord
 87561 | Zot:4    | Killed Futwyq the pandemonium lord
 87853 | D:15     | Noticed Meimea the pandemonium lord
 87862 | D:15     | Killed Meimea the pandemonium lord
 88020 | D:8      | Noticed Pougaes the pandemonium lord
 88033 | D:8      | Killed Pougaes the pandemonium lord
 88227 | D:$      | Escaped with the Orb!

Illustrated notes

Levels and vault maps discovered:
D:1:      onia_arrival_zoo_common, layout_basic
D:2:      layout_loops_corners, basic_altar, minmay_goblin_kobold_house,
          uniq_sigmund
D:3:      layout_loops_ring, minmay_overflow_temple_star_hex,
          dilly_ecumenical_altar_fadedgnrine, minmay_strange_pillars, uniq_robin
D:4:      layout_basic, mainiacjoe_overflow_small_starburst, uniq_blork_the_orc,
          uniq_crazy_yiuf_cottage
D:5:      layout_basic, gammafunk_ghost_abyssal_escape, serial_shops,
          nicolae_shop_stone, nicolae_shop_tiny_real_fake_doors,
          chequers_decorated_corner, uniq_eustachio
D:6:      layout_basic, gup_ossuary_entry_pyramid, serial_shops, shop,
          small_statue_intersection
D:7:      layout_rooms, temple_doors_ab, uniq_menkaure
D:8:      layout_cave_pods, zin_statuary, due_lair_maze_entry_diamond,
          uniq_psyche
D:9:      due_megacathedral, layout_basic, orc_0_dummy, enter_bailey_7,
          serial_shops, nicolae_shop_advertising_works
          [nicolae_subvault_shop_adworks], uniq_erica
D:10:     layout_roguey, serial_curves, eino_curves_03, eino_curves_02,
          minivault_15
D:11:     layout_cave_pools, hangedman_misty_isle, uniq_fannar, uniq_urug
D:12:     minmay_goldmine, layout_basic, eino_curves_01
D:13:     layout_irregular_city
D:14:     layout_cross, david_vaults_5, nemelex_diamond_rough_becter,
          minmay_misc_feat_hallway, kennysheep_two_boxes
D:15:     grunt_enter_depths_hoard, layout_rooms, chequers_serial_rivers_room_b,
          uniq_nessos, uniq_jorgrun
Temple:   minmay_freezing_vapour_temple
Lair:1:   layout_chaotic_city, dreamdust_gnoll_shepherd
Lair:2:   layout_layer_cave, nicolae_spider_entry_non_spiders,
          lemuel_fruit_tree, uniq_harold, uniq_gastronok
Lair:3:   wad_woods_minihive, layout_cave_pods, elwin_shoals_entry_rooms
Lair:4:   layout_regular_city, minmay_slime_entry_oklob_enclosed
Lair:5:   gammafunk_lair_ancient_temple, layout_misc_corridors
Shoals:1: layout_shoals, serial_shops, bzr_entry_water, uniq_donald
Shoals:2: layout_shoals, nicolae_shoals_lost_giant_pillars,
          lemuel_altar_in_water, hangedman_feature_mirror
Shoals:3: cheibrodos_shoals_oceanic_diplomacy, layout_shoals, uniq_mara
Shoals:4: shoals_end_grunt_ice, layout_shoals
Spider:1: layout_chambers, hellmonk_deceptive_appearances, uniq_kirke
Spider:2: nicolae_spider_broodchamber, nicolae_spider_nook, uniq_arachne
Spider:3: nicolae_spider_mines_2, uniq_agnes
Spider:4: grunt_spider_rune_circles
Slime:1:  layout_caves
Slime:2:  layout_caves, uniq_dissolution
Slime:3:  layout_caves
Slime:4:  layout_caves
Slime:5:  slime_pit
Orc:1:    layout_caves, uniq_josephine
Orc:2:    st_orc_mages, layout_caves, nicolae_volcano_entry_two_sided,
          guppyfry_library_mini
Elf:1:    nicolae_elf_arrival_dilemma, layout_loops_ring,
          hangedman_elf_disciples
Elf:2:    elven_hall_of_blades_hangedman_original
          [nicolae_blade_entry_sentries_behind_glass], layout_geoelf_diagonals,
          serial_shops, shop, nicolae_shop_hallway_stairs, shop,
          nicolae_shop_overgrown_old_shop, lemuel_statue_altar
Elf:3:    grunt_elf_hall_asides, layout_gridlike, grunt_megastairs_5
Vaults:1: st_diamondy, v_misc_17, nicolae_vaults_cochlea,
          vaults_standard_mumra_x, nicolae_vaults_network_quinsquares
          [nicolae_vaults_network_quincunx_subvault,
          nicolae_vaults_network_quincunx_subvault,
          nicolae_vaults_network_quincunx_subvault,
          nicolae_vaults_network_quincunx_subvault], hangedman_vaults_corner,
          vaults_room_grunt_arrival_ludios, nicolae_vaults_border_crossing,
          layout_vaults_quadrants, serial_shops, bzr_in_the_mist,
          nicolae_shop_back_alley_shop, nicolae_shop_real_fake_doors
Vaults:2: v_alt_pattern_5, grunt_vaults_focal, nicolae_vaults_double_plus_3,
          v_pattern_4, nicolae_vaults_apartment_2,
          nicolae_vaults_little_squares_5, nicolae_vaults_trapezoid_4,
          vaults_dpeg_emergency_exit, dpeg_vaults_monster_box,
          hangedman_vaults_maws, serial_library_hellmonk_open_square,
          layout_vaults_big_room, serial_shops, shop, shop, shop, shop,
          nicolae_shop_waterfront
Vaults:3: v_misc_1, grunt_vaults_diagonal, hangedman_vaults_trim,
          minmay_crypt_entry_vampire_xt, v_alt_pattern_4, vaults_dpeg_spiral,
          vaults_mumra_minichess_inversion, ontoclasm_vaults_ring_small,
          nicolae_vaults_circle_grid_b, nicolae_vaults_octothorpe, v_misc_12,
          nicolae_vaults_little_squares_1, layout_vaults_maze
Vaults:4: mu_enter_wizlab_2, hangedman_vaults_river_flow,
          nicolae_vaults_stepped_doors, nicolae_vaults_lightning_bolt,
          nicolae_vaults_shrinking_rooms_2, vaults_room_large_hall,
          nicolae_vaults_big_ls, nicolae_vaults_circle_grid_a, vaults_room_pool,
          vaults_standard_mumra_enter_the_diamond,
          nicolae_vaults_sealed_display, nicolae_vaults_house_3,
          nicolae_vaults_shelves_hall, layout_vaults_ring
Vaults:5
Crypt:1:  layout_rooms, grunt_crypt_arrival_webbed, uniq_boris
Crypt:2:  statuecave_lemuel, layout_gridlike, minmay_misc_feat_five,
          grunt_megastairs_4, uniq_vv
Crypt:3:  david_glass_crypt, layout_chaotic_city,
          nicolae_tomb_entry_rubble_hallway, gammafunk_ghost_cemetery,
          st_stairs_12, uniq_sojobo
Tomb:1
Tomb:2
Tomb:3
Depths:1: minmay_five_octagons, layout_gridlike, hell_entry, old_standard_altar,
          nicolae_shop_i_like_small_books_too, nicolae_uskayaw_dance_hall,
          uniq_nikola
Depths:2: cell_vault, layout_basic, pan_entry, enter_trove_3,
          pf_vacation_house_of_asmodeus, minmay_staircase_bubble, firewood_loft
Depths:3: box_level_dp, hell_entry, abyss_entry
Depths:4: grunt_crosshair, layout_gridlike, hangedman_decor_growths,
          serial_sigils, serial_sigils_hangedman_scratch,
          serial_sigils_hangedman_clutch, serial_sigils_hangedman_shear,
          serial_sigils_hangedman_gut, serial_sigils_hangedman_shear,
          hell_entry, minmay_misc_feat_iff, nicolae_sif_muna_little_library,
          serial_bayou_shore_b, uniq_enchantress
Hell
Dis:1:    layout_regular_city, door_vault
Dis:2:    layout_subdivisions
Dis:3:    nicolae_dis_metal_hellway, layout_gridville
Dis:4:    layout_gridville
Dis:5:    layout_regular_city, nicolae_dis_distal_crystal
Dis:6:    layout_subdivisions
Dis:7:    iron_city_of_dis [dis_grunt, dis_wall_6], layout_gridville
Geh:1:    layout_gehenna_lava_caves
Geh:2:    layout_gehenna_lava_caves
Geh:3:    layout_gehenna_pools_box
Geh:4:    layout_gehenna_pools_triple
Geh:5:    layout_gehenna_lava_caves
Geh:6:    layout_gehenna_pools_basic, lemuel_flamethrower_3
Geh:7:    geh_grunt_pentagon
Coc:1:    layout_ice_bergs, nicolae_coc_melting_block
Coc:2:    layout_cocytus_water_paths
Coc:3:    layout_ice_bergs, nicolae_coc_icebean_singular
          [nicolae_sub_coc_subbean]
Coc:4:    layout_cocytus_water_paths
Coc:5:    layout_ice_bergs
Coc:6:    nicolae_hells_demon_pit, layout_ice_bergs,
          nicolae_hells_seeping_fissure
Coc:7:    coc_grunt
Tar:1:    layout_catacombs, nicolae_tar_cuneiform_three
Tar:2:    layout_catacombs
Tar:3:    nicolae_tar_entranced, layout_cathedral_of_symmetry
Tar:4:    layout_grid_maze
Tar:5:    layout_grid_maze
Tar:6:    layout_catacombs
Tar:7:    tar_mu [tar_mu_maze]
Zot:1:    kennysheep_room_grid, layout_misc_corridors, skrybe_zot_glass_2,
          st_single_dragon_hoard_4
Zot:2:    regret_index_zot_pan_timeshare, layout_basic,
          regret_index_zotdec_split_disrupt
Zot:3:    layout_basic, ebering_ghost_disaster_area, regret_index_zotdec_wing_it
Zot:4:    layout_gridville, hellmonk_formless_pools
Zot:5:    layout_onion

Skill      XL: |  1  2  3  4  5  6  7  8  9 10 11 12 13 14 15 16 17 18 19 20 21 22 23 24 25 26 27 |
---------------+----------------------------------------------------------------------------------+-----
Conjurations   | 2 3 4 5 6 7 9 23 | 23.0
Summonings     | 2 3 13 | 13.0
Alchemy        | 1 2 3 4 6 7 |  7.0
Air Magic      | 1 2 3 4 6 7 9 23 | 23.0
Spellcasting   | 5 6 8 9 10 11 12 13 14 15 21 | 21.0
Fire Magic     | 1 3 4 5 7 8 11 15 18 19 | 19.0
Polearms       | 2 |  2.0
Fighting       | 3 5 7 8 9 10 11 12 23 | 23.5
Shields        | 1 3 6 8 9 10 11 12 15 16 17 18 20 24 | 24.6
Armour         | 1 2 3 4 12 | 12.2
Dodging        | 2 3 4 5 12 | 12.5
Stealth        | 4 5 6 7 16 | 16.9
Axes           | 1 3 5 6 9 19 | 19.8
Ice Magic      | 1 3 5 6 7 |  7.0
Hexes          | 1 3 5 6 7 |  7.0
Invocations    | 6 8 9 10 13 | 13.0
Translocations | 3 4 |  4.0
Evocations     | 2 8 |  8.0
Unarmed Combat | 2 |  2.0
Earth Magic    | 2 6 7 8 9 10 | 10.0
Throwing       | 1 2 |  2.0
Ranged Weapons | 2 |  2.0
Shapeshifting  | 11 15 19 23 | 23.0
Necromancy     | 6 |  6.0

Action                     |  1- 3 |  4- 6 |  7- 9 | 10-12 | 13-15 | 16-18 | 19-21 | 22-24 | 25-27 || total
---------------------------+-------+-------+-------+-------+-------+-------+-------+-------+-------++-------
  Melee: Dagger            |    29 |       |       |       |       |       |       |       |       ||    29
         War axe           |    11 |    53 |    33 |       |       |       |       |       |       ||    97
         Spear             |       |       |   210 |       |       |       |       |       |       ||   210
         Broad axe         |       |       |    19 |   287 |   452 |   732 |   414 |   743 |  5057 ||  7704
         Constrict         |       |       |       |       |   144 |   238 |   138 |   165 |   965 ||  1650
         Staff             |       |       |       |       |       |       |   165 |       |       ||   165
  Throw: Stone             |       |     4 |     7 |       |       |       |       |       |       ||    11
         Dart              |       |       |       |    13 |    23 |       |       |       |       ||    36
         Boomerang         |       |       |       |       |     6 |       |       |       |       ||     6
         Javelin           |       |       |       |       |     6 |    20 |    81 |    33 |   110 ||   250
         Throwing net      |       |       |       |       |     1 |       |       |       |       ||     1
   Cast: Magic Dart        |    18 |     3 |    17 |       |       |       |       |       |       ||    38
         Call Imp          |    18 |    12 |    26 |    15 |     7 |     1 |     1 |       |       ||    80
         Mephitic Cloud    |       |     3 |    35 |    51 |    41 |    37 |    22 |     2 |     2 ||   193
         Scorch            |       |       |    10 |    16 |     6 |       |    11 |    21 |       ||    64
         Flame Wave        |       |       |     2 |    19 |     1 |       |       |       |       ||    22
         Blink             |       |       |       |     9 |    13 |    11 |     8 |    14 |    29 ||    84
         Freezing Cloud    |       |       |       |     6 |    87 |    74 |   116 |   108 |    78 ||   469
         Stone Arrow       |       |       |       |       |    12 |     2 |    18 |     2 |       ||    34
         Lee's Rapid Decon |       |       |       |       |     3 |       |     4 |     2 |    36 ||    45
         Sticky Flame      |       |       |       |       |       |    31 |    20 |    21 |    43 ||   115
         Yara's Violent Un |       |       |       |       |       |     3 |     3 |       |    16 ||    22
         Conjure Ball Ligh |       |       |       |       |       |       |    34 |     3 |    26 ||    63
         Ignition          |       |       |       |       |       |       |       |    18 |   321 ||   339
         Olgreb's Toxic Ra |       |       |       |       |       |       |       |    50 |    25 ||    75
         Bombard           |       |       |       |       |       |       |       |     5 |    76 ||    81
         Dispel Undead     |       |       |       |       |       |       |       |       |    74 ||    74
         Chain Lightning   |       |       |       |       |       |       |       |       |    55 ||    55
         Spellforged Servi |       |       |       |       |       |       |       |       |    54 ||    54
         Lesser Beckoning  |       |       |       |       |       |       |       |       |    22 ||    22
         Passage of Golubr |       |       |       |       |       |       |       |       |    10 ||    10
 Invoke: Slouch            |       |       |       |       |    10 |     9 |    23 |     6 |    19 ||    67
         Step From Time    |       |       |       |       |     1 |     2 |     3 |     2 |    24 ||    32
Ability: Spit Poison       |    26 |    24 |    43 |    28 |    36 |    33 |    38 |    24 |    13 ||   265
         Begin Untransform |       |       |       |       |       |       |       |       |     7 ||     7
  Evoke: Wand              |       |       |     4 |     7 |     8 |       |    11 |     3 |    18 ||    51
         Phantom mirror    |       |       |       |       |       |       |     2 |     1 |     2 ||     5
         Phial of floods   |       |       |       |       |       |       |     2 |       |       ||     2
         Figurine of a zig |       |       |       |       |       |       |       |       |     1 ||     1
    Use: Scroll            |     2 |     1 |     1 |     3 |    25 |    10 |    11 |    17 |    77 ||   147
         Potion            |     1 |       |     2 |     5 |     3 |     3 |    14 |     6 |    15 ||    49
   Stab: Confused          |       |       |    14 |    38 |    27 |    28 |     5 |       |     1 ||   113
         Invisible         |       |       |     3 |       |       |       |     5 |     2 |       ||    10
         Distracted        |       |       |     1 |     1 |       |     1 |     1 |       |    35 ||    39
         Paralysed         |       |       |     6 |     3 |     6 |       |       |       |       ||    15
         Sleeping          |       |       |       |       |     7 |    13 |    10 |    12 |    36 ||    78
 Armour: Robe              |    45 |       |   163 |   348 |   396 |       |       |       |       ||   952
         Animal skin       |       |    39 |    35 |       |       |       |       |       |       ||    74
         Troll leather arm |       |       |       |       |    56 |   678 |   961 |   843 |  4144 ||  6682
  Dodge: Dodged            |    23 |    44 |   141 |   279 |   234 |   214 |   220 |   217 |  1841 ||  3213
  Block: Other             |       |     6 |    54 |    41 |       |       |       |       |       ||   101
         Reflection        |       |     1 |     2 |     1 |    16 |    86 |    19 |       |       ||   125
         Buckler           |       |       |       |   185 |   279 |       |       |       |       ||   464
         Kite shield       |       |       |       |       |   178 |   366 |   585 |       |       ||  1129
         Tower shield      |       |       |       |       |    10 |  1254 |   245 |  1636 |  9552 || 12697
   Form: Death             |       |       |       |       |       |       |       |       |     7 ||     7

Table legend: (Time is in decaauts)
 A = Elapsed time spent in this place.
 B = Non-inter-level travel time spent in this place.
 C = Inter-level travel time spent in this place.
 D = Time resting spent in this place.
 E = Time spent auto-exploring this place.
 F = Levels seen in this place.
 G = Mean time per level.
                   A        B        C        D        E       F      G
               +--------+--------+--------+--------+--------+-----+--------+
         Total | 207097 | 168856 |  38241 |      0 |  83546 | 143 | 1448.2 |
       Dungeon |  31400 |  22187 |   9213 |      0 |  12003 |  15 | 2093.3 |
        Temple |     15 |      3 |     12 |      0 |      0 |   1 |   15.0 |
          Lair |  17797 |  12439 |   5358 |      0 |   7481 |   5 | 3559.4 |
        Shoals |   8153 |   7239 |    914 |      0 |   3677 |   4 | 2038.2 |
   Spider Nest |  11742 |   9430 |   2312 |      0 |   5342 |   4 | 2935.5 |
    Slime Pits |   6574 |   5670 |    904 |      0 |   4135 |   5 | 1314.8 |
  Orcish Mines |   3390 |   2457 |    933 |      0 |   1738 |   2 | 1695.0 |
   Elven Halls |   8539 |   7874 |    665 |      0 |   4445 |   3 | 2846.3 |
        Vaults |  19395 |  14779 |   4616 |      0 |   9068 |   5 | 3879.0 |
         Crypt |   9769 |   7814 |   1955 |      0 |   3457 |   3 | 3256.3 |
          Tomb |   7091 |   5855 |   1236 |      0 |   1763 |   3 | 2363.7 |
        Depths |  18395 |  13789 |   4606 |      0 |   6241 |   4 | 4598.8 |
          Hell |   1758 |   1217 |    541 |      0 |    611 |   1 | 1758.0 |
           Dis |   7326 |   6874 |    452 |      0 |   1479 |   7 | 1046.6 |
       Gehenna |   7068 |   6500 |    568 |      0 |   4285 |   7 | 1009.7 |
       Cocytus |   6444 |   5873 |    571 |      0 |   3280 |   7 |  920.6 |
      Tartarus |  10577 |   9508 |   1069 |      0 |   6693 |   7 | 1511.0 |
           Zot |  14673 |  12365 |   2308 |      0 |   5440 |   5 | 2934.6 |
         Abyss |   1399 |   1399 |      0 |      0 |     92 |   5 |  279.8 |
   Pandemonium |  10328 |  10328 |      0 |      0 |   1026 |  22 |  469.5 |
      Ziggurat |   2022 |   2022 |      0 |      0 |    377 |  21 |   96.3 |
        Bazaar |    593 |    593 |      0 |      0 |    247 |   2 |  296.5 |
         Trove |     84 |     84 |      0 |      0 |      0 |   1 |   84.0 |
       Ossuary |     27 |     27 |      0 |      0 |      0 |   1 |   27.0 |
        Bailey |    589 |    589 |      0 |      0 |      6 |   1 |  589.0 |
       Volcano |    530 |    530 |      0 |      0 |    347 |   1 |  530.0 |
        Wizlab |   1410 |   1410 |      0 |      0 |    303 |   1 | 1410.0 |
               +--------+--------+--------+--------+--------+-----+--------+

Top non-repeatable levels by time:
   Tar:7: 7370 daAuts
Depths:3: 6694 daAuts
Vaults:1: 4831 daAuts
 Crypt:3: 4755 daAuts
Depths:2: 4690 daAuts
Vaults:4: 4666 daAuts
   Dis:7: 4640 daAuts
  Lair:3: 4591 daAuts
  Tomb:1: 4364 daAuts
Depths:1: 4248 daAuts
    D:15: 4196 daAuts
  Lair:2: 4121 daAuts
Spider:1: 4071 daAuts
    D:12: 3766 daAuts
   Zot:2: 3616 daAuts
